 Dungeon Crawl Stone Soup version 0.31-a0-180-g519b7de00c (webtiles) character file.

Game seed: 10103106042688381221

286647 qw the Peltast (level 21, -14/141 HPs)
             Began as a Gargoyle Fighter on June 19, 2023.
             Was a High Priest of Okawaru.
             Demolished by an ironbound thunderhulk
             ... wielding a +2 dire flail of holy wrath
              (21 damage)
             ... on level 4 of the Vaults.
             The game lasted 00:26:24 (36988 turns).

qw the Peltast (Gargoyle Fighter)                  Turns: 36988, Time: 00:26:24

Health: -14/141    AC: 53    Str: 34    XL:     21   Next: 4%
Magic:  31/31      EV: 20    Int: 18    God:    Okawaru [*****.]
Gold:   1238       SH: 22    Dex: 19    Spells: 20/20 levels left

rFire   + + .        m - +4 broad axe of the Nine Artists {flame, Fly}
rCold   . . .        L - +0 tower shield
rNeg    + . .        H - +8 chain mail "Coozar" {Regen+}
rPois   inf          w - +2 helmet of Okawaru's Castigation {rF+ Regen+ Int+6}
rElec   +            k - +2 cloak
rCorr   .            q - +2 pair of gloves
SInv    .            A - +3 pair of boots of the Big Bang {rPois rF+ Will- Int+4}
Will    .....        u - amulet of faith Stlth
                     p - +5 ring of evasion
HPRegen 2.03/turn    G - ring "Budghe Pylex" {Str+4 Dex+6 Stlth-}
MPRegen 0.22/turn

%: faith
@: about to teleport, marked, flying, slowed, very slow
A: sickness immunity, AC +16, big wings, negative energy resistance 1,
electricity resistance, torment resistance 1, petrification resistance, agile 1,
high MP 1
}: 1/15 runes: gossamer
a: Renounce Religion, Heroism, Finesse, Duel


You were on level 4 of the Vaults.
You worshipped Okawaru.
Okawaru was extremely pleased with you.
You visited 6 branches of the dungeon, and saw 33 of its levels.
You visited the Abyss 2 times.
You also visited: Gauntlet.

You collected 3744 gold pieces.
You spent 2506 gold pieces at shops.


Innate Abilities, Weirdness & Mutations

You are immune to sickness and miasma.
Your stone body is resilient. (AC +16)
You are immune to poison.
Your large and strong wings let you fly.
You resist negative energy. (rN+)
You are resistant to electric shocks. (rElec)
You are resistant to unholy torment.
You are immune to petrification.
You are agile. (Dex +4, Str/Int -1)
You have an increased reservoir of magic. (+10% MP)


   Skills:
 - Level 18.0 Fighting
 - Level 18.0 Axes
 - Level 9.1 Throwing
 - Level 16.0 Armour
 - Level 9.9 Dodging
 + Level 19.1 Shields
 - Level 10.0 Invocations


You had 20 spell levels left.
You didn't know any spells.
Your spell library was empty.

Inventory:

Hand Weapons
 m - the +4 broad axe of the Nine Artists (weapon) {flame, Fly}
   (Okawaru gifted it to you on level 11 of the Dungeon)

   Fly:       It grants you flight.
 B - a +2 war axe of holy wrath
 F - a +3 broad axe of venom
Missiles
 g - 35 boomerangs
 x - 3 javelins (quivered)
 D - 2 silver javelins
Armour
 a - a +2 plate armour of cold resistance
 k - a +2 cloak (worn)
 o - the +15 Maxwell's patent armour {-Cast -Tele rElec Will+ rCorr}
   (Okawaru gifted it to you on level 14 of the Dungeon)

   rElec:     It insulates you from electricity.
   -Cast:     It prevents spellcasting.
   -Tele:     It prevents most forms of teleportation.
   rCorr:     It protects you from acid and corrosion.
   Will:      It increases your willpower.
 q - a +2 pair of gloves (worn)
 w - the +2 helmet of Okawaru's Castigation (worn) {rF+ Regen+ Int+6}
   (Okawaru gifted it to you on level 5 of the Lair of Beasts)

   Int:       It affects your intelligence (+6).
   rF:        It protects you from fire.
   Regen:     It increases your rate of health regeneration.
 z - +0 acid dragon scales
 A - the +3 pair of boots of the Big Bang (worn) {rPois rF+ Will- Int+4}
   (Okawaru gifted it to you on level 5 of the Lair of Beasts)

   Int:       It affects your intelligence (+4).
   rF:        It protects you from fire.
   rPois:     It protects you from poison.
   Will:      It decreases your willpower.
 H - the +8 chain mail "Coozar" (worn) {Regen+}
   (Okawaru gifted it to you on level 2 of the Abyss)

   Regen:     It increases your rate of health regeneration.
 L - a +0 tower shield (worn)
Jewellery
 b - a ring of protection from cold
 l - an amulet of regeneration
 p - a +5 ring of evasion (left hand)
 u - an amulet of faith (around neck)
 E - a ring of protection from fire
 G - the ring "Budghe Pylex" (right hand) {Str+4 Dex+6 Stlth-}
   (You took it off a skeletal warrior on level 14 of the Dungeon)

   [ring of dexterity]

   Str:       It affects your strength (+4).
   Dex:       It affects your dexterity (+6).
   Stlth:     It makes you less stealthy.
 J - a ring of resist corrosion
 K - a ring of resist corrosion
 Y - a ring of protection from cold
Wands
 j - a wand of digging (17)
Scrolls
 c - 4 scrolls of enchant weapon
 h - 16 scrolls of identify
 v - 8 scrolls of teleportation
 y - 2 scrolls of brand weapon
Potions
 d - 6 potions of might
 e - 8 potions of enlightenment
 f - 10 potions of heal wounds
 i - 3 potions of lignification
 n - a potion of cancellation
 r - 4 potions of curing
 s - 7 potions of haste
 t - 6 potions of attraction
 C - 7 potions of resistance
 I - 4 potions of magic
 M - a potion of mutation

Dungeon Overview and Level Annotations

Branches:
Dungeon (15/15)            Temple (0/1) D:7            Lair (5/5) D:11
 Shoals (3/4) Lair:2       Spider (4/4) Lair:3        Slime (0/5) Lair:5
    Orc (2/2) D:11            Elf (0/3) Orc:2        Vaults (4/5) D:13
  Crypt (0/3) Vaults:2     Depths (0/4) D:15        Gauntlet (visited)

Altars:
Cheibriados
Dithmenos
Elyvilon
Fedhas
Okawaru
Ru
Trog
Vehumet
Xom
Yredelemnul
The Shining One
Jiyva
Lugonu

Shops:
D:2 =   D:4 [   D:6 !   D:7 *[   D:10 [   D:15 (   Orc:1 *   Orc:2 =([(
Vaults:1 :?   Vaults:2 :   Vaults:3 !

Annotations:
D:2 1 runed translucent door, Crazy Yiuf
D:7 1 runed translucent door, qw's ghost, novice NaHu
D:8 2 transporters
D:10 3 runed translucent doors, qw's ghost, novice GrFi
Lair:1 3 runed translucent doors, qw's ghost, journeyman GrFi
Shoals:1 3 runed translucent doors, KappaVara's ghost, adept DsFi
Spider:1 2 transporters, Mourixt's ghost, adept GrFi
Spider:2 1 runed translucent door, qw's ghost, adept GrFi


Message History

Okawaru accepts your kill.
You barely miss the deep troll. You slash the vault warden!
You burn the vault warden. You carve the yaktaur like a ham!!!
You burn the yaktaur!
You kill the yaktaur!
Okawaru accepts your kill.
You hit the ironbound convoker. You burn the ironbound convoker.
You slash the ironbound preserver! You burn the ironbound preserver.
You block the deep troll's attack. x2; The deep troll misses you.
You block the ironbound preserver's attack.
The ironbound convoker hits you but does no damage.
The vault warden misses you.
You hit the vault warden. You burn the vault warden.
The vault warden is almost dead.
You slash the ironbound thunderhulk! You burn the ironbound thunderhulk.
You slash the deep troll! You burn the deep troll.
You slash the ironbound convoker! You burn the ironbound convoker.
You slice the ironbound preserver!! You burn the ironbound preserver.
You slice the deep troll!! You burn the deep troll!
The ironbound thunderhulk barely misses you.
You block the deep troll's attack. The deep troll closely misses you.
The deep troll completely misses you. You block the deep troll's attack.
The deep troll claws you but does no damage.
The deep troll closely misses you.
You block the ironbound preserver's attack.
The ironbound convoker gestures at the ironbound thunderhulk while chanting.
The ironbound thunderhulk seems to grow stronger.
The vault warden hits you with a +1 long sword of holy wrath!!
36988 ||| READING 9 scrolls of teleportation.
As you read the scroll of teleportation, it crumbles to dust.
You feel strangely unstable.
You feel like a meek peon again. You block the deep troll's attack. x3
The ironbound preserver hits you but does no damage.
You block the ironbound convoker's attack.
The vault warden hits you with a +1 long sword of holy wrath!!
You block the deep troll's attack. x2
The deep troll claws you but does no damage.
The ironbound thunderhulk hits you with a +2 dire flail of holy wrath!!
You die...

#.....## #(.....##
#.......# #........
#######........
##########.....#........
.#.#.#.#.#.....#OT..#
.........+.....#@p..#
.#.#.#.#.#....)Tpp..#
##########....)#T...#
#######....# #....#
#....# #...... #.......
.......


You could see an ironbound preserver (strong), a vault warden (strong), an
ironbound thunderhulk (strong), 3 deep trolls and an ironbound convoker.

Vanquished Creatures
  Nikola (Shoals:1)
  Zenata (Vaults:4)
  Asterion (Vaults:3)
  4 krakens (Shoals:3)
  3 tentacled starspawn
  4 sphinxes
  Frances (Spider:2)
  4 tengu reavers
  A fire giant (D:14)
  3 emperor scorpions (Spider:4)
  A frost giant (Vaults:1)
  10 vault wardens
  3 ghost moths (Spider:4)
  3 orc warlords
  14 ironbound preservers
  3 war gargoyles
  6 ironbound thunderhulks
  2 stone giants
  4 formless jellyfish
  A broodmother (Spider:2)
  21 dire elephants
  Nessos (D:13)
  A minotaur (Gauntlet)
  A spark wasp (Spider:4)
  A merfolk javelineer (Shoals:3)
  5 entropy weavers
  Snorg (D:11)
  4 merfolk impalers
  Josephine (Shoals:1)
  9 vault guards
  5 yaktaur captains
  8 great orbs of eyes
  A jorogumo (Spider:3)
  2 peacekeepers (Vaults:4)
  2 ogre magi
  4 hydras
  A merfolk avatar (Shoals:3)
  6 boulder beetles
  8 ironbound frosthearts
  4 radroaches
  Erolcha (D:9)
  7 centaur warriors
  9 two-headed ogres
  An alligator snapping turtle (Shoals:3)
  A thrashing horror (Abyss:2)
  7 demonic crawlers
  12 death yaks (Lair:5)
  A hell hog (Gauntlet)
  A satyr (Shoals:2)
  5 tengu warriors
  Urug (D:11)
  An orc high priest (Orc:1)
  A sun moth (Spider:2)
  11 skeletal warriors
  Amaemon (Lair:2)
  Lodul (D:13)
  9 skysharks
  9 pharaoh ants
  8 sea snakes
  6 orb spiders
  32 deep trolls
  8 lindwurms
  8 steelbarb worms
  10 harpies
  14 ironbound convokers
  8 wizards
  2 necromancers
  13 orc knights
  A deep elf pyromancer (D:15)
  A stone giant zombie (Vaults:3)
  6 fauns
  39 wolf spiders
  11 ugly things
  4 orc sorcerers (Orc:2)
  A sphinx skeleton (Vaults:1)
  6 cyclopes
  10 manticores
  4 moths of wrath
  Maurice (D:9)
  7 merfolk sirens
  A frost giant skeleton (Vaults:1)
  An orange demon (Lair:2)
  8 water nymphs
  3 smoke demons
  16 vault sentinels
  5 torpor snails
  4 black mambas
  3 large abominations (Abyss:2)
  An unseen horror (D:12)
  An apocalypse crab (Abyss:3)
  2 gargoyles (D:12)
  14 cane toads
  6 rime drakes
  12 komodo dragons
  A yaktaur (shapeshifter) (D:14)
  2 freezing wraiths
  28 yaktaurs
  2 tengu conjurers (D:14)
  2 efreet (D:14)
  An ancient zyme (Abyss:2)
  2 human zombies (Vaults:1)
  6 merfolk
  2 queen bees
  5 trolls
  3 meliai (D:14)
  3 tyrant leeches (Lair:5)
  4 polar bears
  36 tarantellas
  Prince Ribbit (D:7)
  2 hornets (shapeshifter)
  25 blink frogs
  A hornet (D:9)
  Grinder (D:5)
  3 wind drakes
  2 small abominations (Abyss:3)
  3 snapping turtles
  A snapping turtle (shapeshifter) (D:14)
  6 dream sheep
  26 jumping spiders
  An air elemental (Abyss:3)
  43 yaks
  An ettin skeleton (Vaults:3)
  An ettin zombie (Vaults:3)
  2 water elementals (Shoals:1)
  A spriggan (D:10)
  4 shadows
  39 culicivoras
  A centaur simulacrum (D:14)
  22 slime creatures
  5 wyverns
  7 wraiths
  3 fire bats (Gauntlet)
  16 humans (D:13)
  3 basilisks
  42 redbacks
  A neqoxec (Abyss:2)
  Grum (Lair:1)
  6 vampire mosquitoes
  4 wargs
  2 acid dragons
  16 water moccasins
  3 hell hounds (Gauntlet)
  32 orc warriors
  2 sky beasts
  6 ice beasts
  3 black bears
  15 wolves
  9 ogres
  7 centaurs
  3 kobold brigands
  2 phantoms
  17 bullfrogs
  A gnoll sergeant (D:9)
  A scorpion (D:6)
  11 wights
  49 killer bees
  3 howler monkeys
  2 electric eels
  6 hounds
  24 orc priests
  2 gnoll boudas
  Jessica (D:3)
  6 iguanas
  28 orc wizards
  A sleepcap (D:6)
  Terence (D:2)
  19 gnolls
  8 adders
  A shadow imp (D:6)
  A white imp (D:6)
  An ufetubus (D:5)
  2 worms (D:2)
  4 dart slugs
  105 orcs
  3 bats
  8 endoplasms
  2 giant cockroaches (D:2)
  8 goblins
  9 hobgoblins
  6 jackals
  4 quokkas
  10 ball pythons
  4 frilled lizards
  26 kobolds
  4 rats
  2 lurking horrors
  6 starspawn tentacles
  11 tentacles (Shoals:3)
1380 creatures vanquished.

Vanquished Creatures (others)
  A vault warden (Vaults:1)
  A jumping spider (Spider:1)
  2 killer bees (D:14)
  4 starspawn tentacles (Abyss:3)
  11 tentacles (Shoals:3)
19 creatures vanquished.

Grand Total: 1399 creatures vanquished

Notes
Turn   | Place    | Note
-------+----------+-------------------------------------------
     0 | D:1      | qw the Gargoyle Fighter began the quest for the Orb.
     0 | D:1      | Reached XP level 1. HP: 14/14 MP: 1/1
     0 | D:1      | 0 ||| qw: Version: 0.3-a-7-ge0c9b40
     0 | D:1      | 0 ||| qw: Game counter: 983
     0 | D:1      | 0 ||| qw: Always use a shield: true
     0 | D:1      | 0 ||| qw: God list: Okawaru
     0 | D:1      | 0 ||| qw: Allow faded altars: false
     0 | D:1      | 0 ||| qw: Do Orc after D:15 true
     0 | D:1      | 0 ||| qw: Do second Lair branch before Depths: true
     0 | D:1      | 0 ||| qw: Lair rune preference: random
     0 | D:1      | 0 ||| qw: Plans: Normal, Zot:1-4, Slime:5, God:TSO, Crypt,
                  | Tomb, Abyss, Pan, Hells, Win
     0 | D:1      | 0 ||| PLANNING D:1-11
   106 | D:1      | 106 ||| Stepping ~*~*~tactically~*~*~ (stealth).
   119 | D:1      | Reached XP level 2. HP: 13/19 MP: 2/2
   129 | D:1      | 129 ||| FLEEEEING.
   130 | D:1      | 130 ||| FLEEEEING.
   131 | D:1      | 131 ||| FLEEEEING.
   132 | D:1      | 132 ||| FLEEEEING.
   133 | D:1      | 133 ||| FLEEEEING.
   134 | D:1      | 134 ||| FLEEEEING.
   135 | D:1      | 135 ||| FLEEEEING.
   136 | D:1      | 136 ||| FLEEEEING.
   137 | D:1      | 137 ||| FLEEEEING.
   145 | D:1      | 145 ||| Stepping ~*~*~tactically~*~*~ (hiding).
   179 | D:1      | 179 ||| FLEEEEING.
   180 | D:1      | 180 ||| FLEEEEING.
   181 | D:1      | 181 ||| FLEEEEING.
   182 | D:1      | 182 ||| FLEEEEING.
   183 | D:1      | 183 ||| FLEEEEING.
   184 | D:1      | 184 ||| FLEEEEING.
   193 | D:1      | 193 ||| Stepping ~*~*~tactically~*~*~ (stealth).
   256 | D:1      | 256 ||| Stepping ~*~*~tactically~*~*~ (stealth).
   267 | D:1      | 267 ||| Stepping ~*~*~tactically~*~*~ (stealth).
   269 | D:1      | 269 ||| Stepping ~*~*~tactically~*~*~ (stealth).
   390 | D:1      | Reached skill level 3 in Axes
   444 | D:1      | Reached XP level 3. HP: 23/23 MP: 3/3
   798 | D:1      | 798 ||| READING scroll labelled XOYTUA ENUSS.
   799 | D:1      | 799 ||| READING scroll labelled REKOLE DERACW.
   909 | D:2      | Reached skill level 1 in Throwing
   912 | D:2      | 912 ||| Stepping ~*~*~tactically~*~*~ (stealth).
   936 | D:2      | 936 ||| Stepping ~*~*~tactically~*~*~ (stealth).
   972 | D:2      | Reached XP level 4. HP: 28/28 MP: 4/4
  1163 | D:2      | 1163 ||| DROPPING +0 whip.
  1306 | D:2      | Noticed Terence
  1315 | D:2      | Killed Terence
  1316 | D:2      | Reached XP level 5. HP: 19/32 MP: 5/5
  1457 | D:2      | Found Ibuf's Jewellery Boutique.
  1472 | D:2      | 1472 ||| SHOPLISTING +6 ring of dexterity (432 gold, have
                  | 106).
  1472 | D:2      | 1472 ||| SHOPLISTING amulet of Vitality {RegenMP++ Regen++}
                  | (1200 gold, have 106).
  1472 | D:2      | 1472 ||| SHOPLISTING ring "Onizaevi" {rC+ rCorr Int-3
                  | Dex+6} (526 gold, have 106).
  1472 | D:2      | 1472 ||| SHOPLISTING ring of positive energy (240 gold,
                  | have 106).
  1472 | D:2      | 1472 ||| SHOPLISTING ring of protection from cold (300
                  | gold, have 106).
  1472 | D:2      | 1472 ||| SHOPLISTING ring of protection from fire (300
                  | gold, have 106).
  1472 | D:2      | 1472 ||| SHOPLISTING ring of see invisible (180 gold, have
                  | 106).
  1791 | D:2      | Found a runed translucent door.
  1792 | D:2      | Noticed Crazy Yiuf
  1795 | D:2      | 1795 ||| UPGRADING to +4 scale mail.
  1805 | D:2      | 1805 ||| DROPPING +0 scale mail.
  1806 | D:2      | 1806 ||| UPGRADING to +5 ring of evasion.
  1807 | D:2      | 1807 ||| READING scroll labelled TAIRRU FIHISAH.
  1808 | D:2      | 1808 ||| READING scroll labelled OBUTUG KES WUFOI.
  1837 | D:2      | 1837 ||| READING scroll labelled ROSUUXK KUTA.
  1838 | D:2      | 1838 ||| READING scroll labelled OGOAFRO SISOARR.
  1839 | D:2      | 1839 ||| READING scroll labelled NAUGOO SOPNURU.
  1873 | D:3      | Noticed Jessica
  1878 | D:3      | 1878 ||| STAIRDANCE
  1960 | D:3      | Killed Jessica
  1963 | D:3      | 1963 ||| FLEEEEING.
  1964 | D:3      | 1964 ||| FLEEEEING.
  1965 | D:3      | 1965 ||| FLEEEEING.
  1966 | D:3      | 1966 ||| STAIRDANCE
  2336 | D:3      | Reached XP level 6. HP: 38/38 MP: 6/6
  2694 | D:3      | Found an iron altar of Okawaru.
  2695 | D:3      | 2695 ||| PLANNING OKAWARU WORSHIP
  2702 | D:3      | Reached skill level 1 in Dodging
  2706 | D:3      | 2706 ||| UPGRADING to ring of willpower.
  2707 | D:3      | 2707 ||| READING scroll labelled YLAYTI KOJE.
  2708 | D:3      | 2708 ||| READING scroll labelled BOWIOXAUFA.
  2709 | D:3      | 2709 ||| DRINKING 2 glowing white potions.
  2710 | D:3      | 2710 ||| READING 2 scrolls of identify.
  2710 | D:3      | 2710 ||| IDENTIFYING fuming grey potion
  2717 | D:3      | Became a worshipper of Warmaster Okawaru
  2718 | D:3      | 2718 ||| PLANNING D:1-11
  2942 | D:4      | 2942 ||| Stepping ~*~*~tactically~*~*~ (hiding).
  3078 | D:4      | Reached skill level 6 in Axes
  3078 | D:4      | Reached XP level 7. HP: 43/43 MP: 7/7
  3094 | D:4      | Found a sacrificial altar of Ru.
  3165 | D:4      | Found Axuot's Armour Shop.
  3177 | D:4      | 3177 ||| BUYING +0 pair of boots (58 gold).
  3177 | D:4      | Bought a +0 pair of boots for 58 gold pieces
  3177 | D:4      | 3177 ||| SHOPLISTING +0 plate armour (299 gold, have 140).
  3248 | D:4      | Reached * piety under Okawaru
  3525 | D:4      | 3525 ||| UPGRADING to +0 pair of boots.
  3530 | D:4      | 3530 ||| UPGRADING to +0 cloak.
  3535 | D:4      | 3535 ||| READING scroll labelled FOBAHO BIADGH.
  3536 | D:4      | 3536 ||| READING 4 scrolls of identify.
  3536 | D:4      | 3536 ||| IDENTIFYING glowing emerald potion
  3537 | D:4      | 3537 ||| READING 3 scrolls of identify.
  3537 | D:4      | 3537 ||| IDENTIFYING fuming silvery potion
  3541 | D:5      | Entered Level 5 of the Dungeon
  3665 | D:5      | Noticed Grinder
  3670 | D:5      | 3670 ||| FLEEEEING.
  3671 | D:5      | 3671 ||| FLEEEEING.
  3680 | D:5      | Killed Grinder
  3739 | D:5      | Identified the +7 dagger of Beogh {heavy, rF- rCorr Int+4
                  | Dex-3}
  3795 | D:5      | Found a shimmering altar of Xom.
  3799 | D:5      | 3799 ||| Stepping ~*~*~tactically~*~*~ (stealth).
  3859 | D:5      | Reached skill level 1 in Invocations
  3882 | D:5      | Reached XP level 8. HP: 48/48 MP: 7/9
  4390 | D:5      | 4390 ||| UPGRADING to +0 helmet.
  4395 | D:5      | 4395 ||| UPGRADING to amulet of faith.
  4400 | D:5      | 4400 ||| DROPPING ring of flight.
  4401 | D:5      | 4401 ||| READING scroll labelled TYPSUXA XOFA.
  4436 | D:5      | 4436 ||| READING 2 scrolls of identify.
  4436 | D:5      | 4436 ||| IDENTIFYING amethyst potion
  4437 | D:5      | 4437 ||| DROPPING potion of berserk rage.
  4538 | D:6      | Found a shadowy altar of Dithmenos.
  4571 | D:6      | 4571 ||| Stepping ~*~*~tactically~*~*~ (hiding).
  4589 | D:6      | Found a snail-covered altar of Cheibriados.
  4727 | D:6      | Found a basalt altar of Yredelemnul.
  4763 | D:6      | Reached skill level 3 in Invocations
  4769 | D:6      | Reached ** piety under Okawaru
  4840 | D:6      | 4840 ||| INVOKING Heroism.
  4923 | D:6      | 4923 ||| Stepping ~*~*~tactically~*~*~ (stealth).
  4990 | D:6      | Found a glowing golden altar of the Shining One.
  5024 | D:6      | 5024 ||| INVOKING Heroism.
  5114 | D:6      | Found Haebon's Distillery.
  5118 | D:6      | 5118 ||| BUYING potion of attraction (42 gold).
  5118 | D:6      | Bought a potion of attraction for 42 gold pieces
  5118 | D:6      | 5118 ||| BUYING potion of curing (42 gold).
  5118 | D:6      | Bought a potion of curing for 42 gold pieces
  5118 | D:6      | 5118 ||| BUYING potion of curing (42 gold).
  5118 | D:6      | Bought a potion of curing for 42 gold pieces
  5118 | D:6      | 5118 ||| BUYING potion of haste (140 gold).
  5118 | D:6      | Bought a potion of haste for 140 gold pieces
  5118 | D:6      | 5118 ||| SHOPLISTING potion of haste (140 gold, have 80).
  5118 | D:6      | 5118 ||| BUYING potion of heal wounds (70 gold).
  5118 | D:6      | Bought a potion of heal wounds for 70 gold pieces
  5118 | D:6      | 5118 ||| SHOPLISTING potion of might (56 gold, have 10).
  5412 | D:6      | 5412 ||| UPGRADING to +0 pair of gloves.
  5417 | D:6      | 5417 ||| READING 2 scrolls labelled NOOTEUBLICS.
  5418 | D:6      | 5418 ||| READING scroll of enchant armour.
  5418 | D:6      | 5418 ||| ENCHANTING +0 pair of gloves.
  5465 | D:7      | 5465 ||| INVOKING Heroism.
  5471 | D:7      | Reached skill level 6 in Fighting
  5476 | D:7      | Reached XP level 9. HP: 55/55 MP: 10/12
  5542 | D:7      | Found Irygivos's Assorted Antiques.
  5545 | D:7      | 5545 ||| SHOPLISTING fizzy purple potion (30 gold, have
                  | 21).
  5545 | D:7      | 5545 ||| SHOPLISTING scroll labelled NEUMAU INYSHA (34
                  | gold, have 21).
  5545 | D:7      | 5545 ||| SHOPLISTING transparent scale mail (306 gold, have
                  | 21).
  5599 | D:7      | 5599 ||| INVOKING Heroism.
  5603 | D:7      | Found a staircase to the Ecumenical Temple.
  5764 | D:7      | Found a runed translucent door.
  5820 | D:7      | Reached skill level 9 in Axes
  5827 | D:7      | 5827 ||| INVOKING Heroism.
  5936 | D:7      | 5936 ||| Stepping ~*~*~tactically~*~*~ (hiding).
  5943 | D:7      | Reached skill level 4 in Shields
  5961 | D:7      | 5961 ||| INVOKING Heroism.
  6071 | D:7      | Noticed Prince Ribbit
  6072 | D:7      | 6072 ||| INVOKING Heroism.
  6090 | D:7      | Killed Prince Ribbit
  6164 | D:7      | Found Xaass's Armour Shoppe.
  6172 | D:7      | 6172 ||| SHOPLISTING +0 pair of boots "Peniy" {rF+ Int+3
                  | Slay+2} (431 gold, have 83).
  6172 | D:7      | 6172 ||| SHOPLISTING +4 ring mail of Hubris {rF+ rCorr
                  | Slay+5} (839 gold, have 83).
  6172 | D:7      | 6172 ||| SHOPLISTING scarf of the Solstice {rC+ rF+, rPois
                  | Regen+} (535 gold, have 83).
  6328 | D:7      | Reached *** piety under Okawaru
  6515 | D:7      | Noticed qw's ghost (novice NaHu)
  6615 | D:7      | 6615 ||| UPGRADING to +0 plate armour.
  6625 | D:7      | 6625 ||| DROPPING +4 scale mail.
  6626 | D:7      | 6626 ||| DROPPING +0 pair of boots of rampaging.
  6627 | D:7      | 6627 ||| UPGRADING to +1 helmet.
  6637 | D:7      | 6637 ||| DROPPING +0 helmet.
  6638 | D:7      | 6638 ||| DROPPING orb of wrath.
  6639 | D:7      | 6639 ||| DROPPING amulet of magic regeneration.
  6681 | D:8      | Found a transporter.
  6720 | D:8      | 6720 ||| Stepping ~*~*~tactically~*~*~ (hiding).
  6721 | D:8      | 6721 ||| INVOKING Heroism.
  6971 | D:8      | Noticed a two-headed ogre
  6972 | D:8      | 6972 ||| INVOKING Heroism.
  6978 | D:8      | Killed a two-headed ogre
  6979 | D:8      | Reached XP level 10. HP: 55/63 MP: 10/13
  7154 | D:8      | 7154 ||| Stepping ~*~*~tactically~*~*~ (hiding).
  7187 | D:8      | Found a corrupted altar of Lugonu.
  7187 | D:8      | Noticed a purple ugly thing
  7187 | D:8      | Noticed a red ugly thing
  7189 | D:8      | 7189 ||| Stepping ~*~*~tactically~*~*~ (hiding).
  7193 | D:8      | 7193 ||| INVOKING Heroism.
  7194 | D:8      | Noticed a brown ugly thing
  7361 | D:8      | 7361 ||| READING scroll of enchant armour.
  7361 | D:8      | 7361 ||| ENCHANTING +1 pair of gloves.
  7421 | D:8      | Found a transporter.
  7558 | D:8      | 7558 ||| READING scroll labelled NEUMAU INYSHA.
  7604 | D:9      | 7604 ||| Stepping ~*~*~tactically~*~*~ (hiding).
  7616 | D:9      | 7616 ||| INVOKING Heroism.
  7623 | D:9      | Received a gift from Okawaru
  7627 | D:9      | Reached **** piety under Okawaru
  7792 | D:9      | You fall into a shaft and drop 1 floor!
  7792 | D:10     | Entered Level 10 of the Dungeon
  7847 | D:9      | Noticed Maurice
  7850 | D:9      | 7850 ||| Stepping ~*~*~tactically~*~*~ (hiding).
  7906 | D:9      | Killed Maurice
  8012 | D:9      | 8012 ||| Stepping ~*~*~tactically~*~*~ (stealth).
  8015 | D:9      | 8015 ||| Stepping ~*~*~tactically~*~*~ (stealth).
  8028 | D:9      | 8028 ||| INVOKING Heroism.
  8036 | D:9      | Reached skill level 3 in Throwing
  8048 | D:9      | Reached ***** piety under Okawaru
  8049 | D:9      | Reached skill level 6 in Invocations
  8049 | D:9      | Reached XP level 11. HP: 33/68 MP: 13/15
  8190 | D:9      | 8190 ||| Stepping ~*~*~tactically~*~*~ (hiding).
  8193 | D:9      | 8193 ||| INVOKING Heroism.
  8201 | D:9      | Reached skill level 5 in Shields
  8217 | D:9      | 8217 ||| DROPPING +0 flail.
  8237 | D:9      | 8237 ||| Stepping ~*~*~tactically~*~*~ (stealth).
  8332 | D:9      | Noticed Erolcha
  8333 | D:9      | 8333 ||| INVOKING Heroism.
  8334 | D:9      | 8334 ||| INVOKING Finesse.
  8343 | D:9      | Killed Erolcha
  8631 | D:9      | 8631 ||| READING 7 scrolls of identify.
  8631 | D:9      | 8631 ||| IDENTIFYING purple potion
  8632 | D:9      | 8632 ||| DROPPING potion of ambrosia.
  8656 | D:10     | Found Orinabeo's Armour Shop.
  8662 | D:10     | 8662 ||| SHOPLISTING +1 plate armour of cold resistance
                  | (350 gold, have 236).
  8669 | D:10     | Found a radiant altar of Vehumet.
  8672 | D:10     | Found a bloodstained altar of Trog.
  8688 | D:10     | 8688 ||| INVOKING Heroism.
  8763 | D:10     | Identified the +1 short sword "Urphylir" {flame, rPois
                  | Str+2}
  8850 | D:10     | 8850 ||| Stepping ~*~*~tactically~*~*~ (hiding).
  8874 | D:10     | 8874 ||| Stepping ~*~*~tactically~*~*~ (stealth).
  8901 | D:10     | 8901 ||| Stepping ~*~*~tactically~*~*~ (stealth).
  8955 | D:10     | Found a blossoming altar of Fedhas.
  9117 | D:10     | Noticed a two-headed ogre
  9117 | D:10     | Noticed a two-headed ogre
  9118 | D:10     | 9118 ||| INVOKING Heroism.
  9124 | D:10     | Killed a two-headed ogre
  9136 | D:10     | Killed a two-headed ogre
  9194 | D:10     | Found the +12 pair of quick blades "Gyre" and "Gimble"
                  | {protect}
  9237 | D:10     | Found a runed translucent gate.
  9237 | D:10     | Found a runed translucent gate.
  9237 | D:10     | Found a runed translucent gate.
  9242 | D:10     | Noticed qw's ghost (novice GrFi)
  9246 | D:10     | Found a viscous altar of Jiyva.
  9247 | D:10     | 9247 ||| READING scroll labelled EGU ADISMI.
  9248 | D:10     | 9248 ||| READING scroll labelled VEIVENN QOFUC.
  9305 | D:11     | 9305 ||| INVOKING Heroism.
  9374 | D:11     | 9374 ||| INVOKING Heroism.
  9389 | D:11     | Found a staircase to the Orcish Mines.
  9421 | D:11     | Noticed a manticore
  9422 | D:11     | Identified the +4 broad axe of the Nine Artists {flame,
                  | Fly} (Okawaru gifted it to you on level 11 of the Dungeon)
  9422 | D:11     | Received a gift from Okawaru
  9433 | D:11     | Killed a manticore
  9436 | D:11     | 9436 ||| INVOKING Heroism.
  9562 | D:11     | 9562 ||| SWAPPING to +4 broad axe of the Nine Artists
                  | {flame, Fly}.
  9563 | D:11     | 9563 ||| DROPPING +2 mace of holy wrath.
  9564 | D:11     | 9564 ||| DROPPING +1 heavy flail.
  9591 | D:11     | Found a staircase to the Lair.
  9711 | D:11     | Noticed a sea snake
  9712 | D:11     | Noticed a sea snake
  9736 | D:11     | 9736 ||| Stepping ~*~*~tactically~*~*~ (stealth).
  9737 | D:11     | 9737 ||| Stepping ~*~*~tactically~*~*~ (stealth).
  9774 | D:11     | Noticed Snorg
  9776 | D:11     | 9776 ||| INVOKING Heroism.
  9777 | D:11     | 9777 ||| INVOKING Finesse.
  9784 | D:11     | Killed Snorg
  9785 | D:11     | Reached skill level 9 in Fighting
  9785 | D:11     | Reached skill level 9 in Invocations
  9860 | D:11     | Noticed Urug
  9861 | D:11     | 9861 ||| INVOKING Heroism.
  9868 | D:11     | Killed Urug
 10078 | D:11     | 10078 ||| PLANNING LAIR
 10078 | D:11     | 10078 ||| DRINKING 2 fizzy purple potions.
 10079 | D:11     | 10079 ||| DROPPING potion of brilliance.
 10114 | Lair:1   | Entered Level 1 of the Lair of Beasts
 10115 | Lair:1   | 10115 ||| INVOKING Heroism.
 10142 | Lair:1   | Found a runed translucent gate.
 10142 | Lair:1   | Found a runed translucent gate.
 10142 | Lair:1   | Found a runed translucent gate.
 10143 | Lair:1   | Noticed a minotaur
 10148 | Lair:1   | 10148 ||| INVOKING Heroism.
 10156 | Lair:1   | Reached XP level 12. HP: 76/76 MP: 17/19
 10241 | Lair:1   | Reached skill level 9 in Armour
 10283 | Lair:1   | Noticed Grum
 10284 | Lair:1   | 10284 ||| INVOKING Heroism.
 10285 | Lair:1   | 10285 ||| INVOKING Finesse.
 10296 | Lair:1   | Killed Grum
 10357 | Lair:1   | 10357 ||| READING scroll of enchant armour.
 10357 | Lair:1   | 10357 ||| ENCHANTING +1 helmet.
 10390 | Lair:1   | 10390 ||| INVOKING Heroism.
 10400 | Lair:1   | 10400 ||| Stepping ~*~*~tactically~*~*~ (stealth).
 10401 | Lair:1   | 10401 ||| Stepping ~*~*~tactically~*~*~ (stealth).
 10445 | Lair:1   | Received a gift from Okawaru
 10466 | Lair:1   | 10466 ||| Stepping ~*~*~tactically~*~*~ (stealth).
 10469 | Lair:1   | 10469 ||| Stepping ~*~*~tactically~*~*~ (stealth).
 10482 | Lair:1   | 10482 ||| Stepping ~*~*~tactically~*~*~ (stealth).
 10483 | Lair:1   | 10483 ||| Stepping ~*~*~tactically~*~*~ (stealth).
 10484 | Lair:1   | 10484 ||| Stepping ~*~*~tactically~*~*~ (stealth).
 10496 | Lair:1   | Reached skill level 12 in Axes
 10508 | Lair:1   | 10508 ||| Stepping ~*~*~tactically~*~*~ (stealth).
 10665 | Lair:1   | Noticed qw's ghost (journeyman GrFi)
 10666 | Lair:1   | 10666 ||| INVOKING Heroism.
 11638 | Lair:2   | 11638 ||| INVOKING Heroism.
 11643 | Lair:2   | 11643 ||| Stepping ~*~*~tactically~*~*~ (stealth).
 11657 | Lair:2   | Received a gift from Okawaru
 11672 | Lair:2   | Noticed a seven-headed hydra
 11677 | Lair:2   | Killed a six-headed hydra
 11678 | Lair:2   | Reached skill level 6 in Shields
 12061 | Lair:2   | Noticed Amaemon
 12062 | Lair:2   | 12062 ||| INVOKING Heroism.
 12072 | Lair:2   | Killed Amaemon
 12142 | Lair:2   | Found a staircase to the Shoals.
 12450 | Lair:2   | 12450 ||| UPGRADING to +0 kite shield.
 12460 | Lair:2   | 12460 ||| DROPPING +0 buckler.
 12461 | Lair:2   | 12461 ||| READING 2 scrolls labelled NIUDIGG BAOPLAFE.
 12462 | Lair:2   | 12462 ||| READING scroll labelled UWOAFA FIA.
 12563 | Lair:2   | 12563 ||| DROPPING scroll of blinking.
 12587 | Lair:3   | 12587 ||| Stepping ~*~*~tactically~*~*~ (stealth).
 12588 | Lair:3   | 12588 ||| Stepping ~*~*~tactically~*~*~ (stealth).
 12589 | Lair:3   | 12589 ||| INVOKING Heroism.
 12614 | Lair:3   | Reached skill level 7 in Shields
 12707 | Lair:3   | Reached skill level 8 in Shields
 12737 | Lair:3   | 12737 ||| Stepping ~*~*~tactically~*~*~ (stealth).
 12793 | Lair:3   | Found a hole to the Spider Nest.
 12808 | Lair:3   | 12808 ||| Stepping ~*~*~tactically~*~*~ (stealth).
 12809 | Lair:3   | 12809 ||| Stepping ~*~*~tactically~*~*~ (stealth).
 12839 | Lair:3   | Reached XP level 13. HP: 82/82 MP: 20/20
 13041 | Lair:3   | Reached skill level 9 in Shields
 13045 | Lair:3   | Identified the +0 kite shield of Saefucey {Str+3 SInv}
                  | (Okawaru gifted it to you on level 3 of the Lair of Beasts)
 13045 | Lair:3   | Received a gift from Okawaru
 13118 | Lair:3   | 13118 ||| Stepping ~*~*~tactically~*~*~ (stealth).
 13119 | Lair:3   | 13119 ||| INVOKING Heroism.
 13357 | Lair:3   | 13357 ||| Stepping ~*~*~tactically~*~*~ (stealth).
 13359 | Lair:3   | 13359 ||| INVOKING Heroism.
 13381 | Lair:3   | 13381 ||| Stepping ~*~*~tactically~*~*~ (stealth).
 13393 | Lair:3   | Reached skill level 10 in Shields
 13472 | Lair:3   | 13472 ||| UPGRADING to +0 kite shield of Saefucey {Str+3
                  | SInv}.
 13482 | Lair:3   | 13482 ||| DROPPING +0 kite shield.
 13564 | Lair:4   | 13564 ||| Stepping ~*~*~tactically~*~*~ (stealth).
 13566 | Lair:4   | 13566 ||| Stepping ~*~*~tactically~*~*~ (stealth).
 13568 | Lair:4   | 13568 ||| Stepping ~*~*~tactically~*~*~ (stealth).
 13652 | Lair:4   | 13652 ||| INVOKING Heroism.
 13774 | Lair:4   | 13774 ||| INVOKING Heroism.
 13861 | Lair:4   | 13861 ||| INVOKING Heroism.
 14022 | Lair:4   | Found the +2 hood of the Assassin {Detect Stab+ Stlth++}
 14400 | Lair:4   | 14400 ||| INVOKING Heroism.
 14561 | Lair:4   | 14561 ||| DRINKING 2 fuming purple potions.
 14561 | Lair:4   | Gained mutation: Armour fits poorly on your strangely
                  | shaped body. [potion of mutation]
 14561 | Lair:4   | Gained mutation: You sometimes lose your temper in combat.
                  | [potion of mutation]
 14562 | Lair:4   | 14562 ||| DRINKING potion of mutation.
 14562 | Lair:4   | Lost mutation: You sometimes lose your temper in combat.
                  | [potion of mutation]
 14562 | Lair:4   | Lost mutation: Armour fits poorly on your strangely shaped
                  | body. [potion of mutation]
 14562 | Lair:4   | Gained mutation: You have an increased reservoir of magic.
                  | (+10% MP) [potion of mutation]
 14562 | Lair:4   | Gained mutation: You are agile. (Dex +4, Str/Int -1)
                  | [potion of mutation]
 14573 | Lair:4   | 14573 ||| READING 12 scrolls of identify.
 14573 | Lair:4   | 14573 ||| IDENTIFYING silvery potion
 14608 | Lair:5   | Entered Level 5 of the Lair of Beasts
 14673 | Lair:5   | 14673 ||| INVOKING Heroism.
 14690 | Lair:5   | 14690 ||| INVOKING Finesse.
 14706 | Lair:5   | Reached skill level 3 in Dodging
 14717 | Lair:5   | 14717 ||| INVOKING Heroism.
 14732 | Lair:5   | Reached skill level 11 in Shields
 14871 | Lair:5   | Identified the +8 long sword "Arexko" {vamp, *Rage *Corrode
                  | rN+++ Stlth+}
 14877 | Lair:5   | Identified the +2 helmet of Okawaru's Castigation {rF+
                  | Regen+ Int+6} (Okawaru gifted it to you on level 5 of the
                  | Lair of Beasts)
 14877 | Lair:5   | Received a gift from Okawaru
 14893 | Lair:5   | Identified the +5 hand axe of Herrym {heavy, Str+4}
 14974 | Lair:5   | 14974 ||| INVOKING Heroism.
 15009 | Lair:5   | 15009 ||| INVOKING Heroism.
 15024 | Lair:5   | 15024 ||| INVOKING Finesse.
 15051 | Lair:5   | Gained mutation: Your large and strong wings let you fly.
                  | [Gargoyle growth]
 15051 | Lair:5   | Reached XP level 14. HP: 74/88 MP: 19/23
 15064 | Lair:5   | 15064 ||| Stepping ~*~*~tactically~*~*~ (stealth).
 15103 | Lair:5   | 15103 ||| Stepping ~*~*~tactically~*~*~ (stealth).
 15114 | Lair:5   | 15114 ||| Stepping ~*~*~tactically~*~*~ (stealth).
 15177 | Lair:5   | 15177 ||| INVOKING Heroism.
 15422 | Lair:5   | 15422 ||| Stepping ~*~*~tactically~*~*~ (stealth).
 15482 | Lair:5   | Found a staircase to the Slime Pits.
 15690 | Lair:5   | 15690 ||| Stepping ~*~*~tactically~*~*~ (stealth).
 15932 | Lair:5   | Identified the +3 pair of boots of the Big Bang {rPois rF+
                  | Will- Int+4} (Okawaru gifted it to you on level 5 of the
                  | Lair of Beasts)
 15932 | Lair:5   | Received a gift from Okawaru
 16137 | Lair:5   | 16137 ||| Stepping ~*~*~tactically~*~*~ (stealth).
 16320 | Lair:5   | 16320 ||| PLANNING D
 16320 | Lair:5   | 16320 ||| UPGRADING to +2 helmet of Okawaru's Castigation
                  | {rF+ Regen+ Int+6}.
 16330 | Lair:5   | 16330 ||| DROPPING +2 helmet.
 16331 | Lair:5   | 16331 ||| UPGRADING to +3 pair of boots of the Big Bang
                  | {rPois rF+ Will- Int+4}.
 16341 | Lair:5   | 16341 ||| DROPPING +0 pair of boots.
 16449 | D:12     | 16449 ||| STAIRDANCE
 16494 | D:12     | 16494 ||| INVOKING Heroism.
 16684 | D:12     | 16684 ||| Stepping ~*~*~tactically~*~*~ (hiding).
 17002 | D:12     | 17002 ||| DROPPING ring of wizardry.
 17022 | D:13     | Noticed Nessos
 17022 | D:13     | Noticed Lodul
 17022 | D:13     | Found a gate to the Vaults.
 17023 | D:13     | 17023 ||| PLANNING GAUNTLET
 17023 | D:13     | 17023 ||| INVOKING Heroism.
 17024 | D:13     | 17024 ||| INVOKING Finesse.
 17031 | D:13     | Reached skill level 12 in Shields
 17031 | D:13     | Killed Lodul
 17037 | D:13     | Reached skill level 6 in Throwing
 17040 | D:13     | Killed Nessos
 17115 | D:13     | Found a white marble altar of Elyvilon.
 17130 | D:13     | Found a gate leading to a gauntlet.
 17140 | Gauntlet | Entered a Gauntlet
 17140 | Gauntlet | Found a transporter.
 17140 | Gauntlet | Found a transporter.
 17140 | Gauntlet | Found a transporter.
 17141 | Gauntlet | Found a transporter.
 17144 | Gauntlet | Found a transporter.
 17154 | Gauntlet | Found a transporter.
 17158 | Gauntlet | Found a transporter.
 17173 | Gauntlet | Found a transporter.
 17173 | Gauntlet | Found a transporter.
 17192 | Gauntlet | Found a transporter.
 17196 | Gauntlet | Found a transporter.
 17207 | Gauntlet | Found a transporter.
 17353 | Gauntlet | 17353 ||| DROPPING +6 ring of intelligence.
 17416 | Gauntlet | 17416 ||| ZAPPING wand of digging (6).
 17417 | Gauntlet | 17417 ||| ZAPPING wand of digging (5).
 17443 | Gauntlet | Received a gift from Okawaru
 17474 | Gauntlet | 17474 ||| DROPPING scarf of shadows.
 17475 | Gauntlet | 17475 ||| DROPPING +0 cloak of preservation.
 17508 | Gauntlet | Identified the +3 bardiche of Gabbiapsiy {pain, rElec Int-3
                  | Dex+3}
 17509 | Gauntlet | 17509 ||| Stepping ~*~*~tactically~*~*~ (hiding).
 17513 | Gauntlet | 17513 ||| INVOKING Heroism.
 17514 | Gauntlet | 17514 ||| INVOKING Finesse.
 17592 | Gauntlet | 17592 ||| UPGRADING to ring of protection from cold.
 17606 | D:13     | 17606 ||| PLANNING D
 17615 | D:13     | 17615 ||| Stepping ~*~*~tactically~*~*~ (hiding).
 17617 | D:13     | 17617 ||| Stepping ~*~*~tactically~*~*~ (hiding).
 17619 | D:13     | 17619 ||| Stepping ~*~*~tactically~*~*~ (hiding).
 17630 | D:13     | Reached XP level 15. HP: 94/94 MP: 24/24
 17685 | D:13     | 17685 ||| INVOKING Heroism.
 17689 | D:13     | Reached skill level 15 in Axes
 18391 | D:14     | 18391 ||| Stepping ~*~*~tactically~*~*~ (stealth).
 18393 | D:14     | 18393 ||| Stepping ~*~*~tactically~*~*~ (hiding).
 18394 | D:14     | 18394 ||| Stepping ~*~*~tactically~*~*~ (hiding).
 18396 | D:14     | 18396 ||| Stepping ~*~*~tactically~*~*~ (hiding).
 18397 | D:14     | 18397 ||| Stepping ~*~*~tactically~*~*~ (hiding).
 18398 | D:14     | 18398 ||| Stepping ~*~*~tactically~*~*~ (hiding).
 18399 | D:14     | 18399 ||| Stepping ~*~*~tactically~*~*~ (hiding).
 18400 | D:14     | 18400 ||| Stepping ~*~*~tactically~*~*~ (hiding).
 18401 | D:14     | 18401 ||| Stepping ~*~*~tactically~*~*~ (hiding).
 18521 | D:14     | Reached skill level 12 in Fighting
 18576 | D:14     | 18576 ||| INVOKING Heroism.
 18622 | D:14     | HP: 23/96 [fire dragon (8)]
 18623 | D:14     | 18623 ||| READING 7 scrolls of teleportation.
 18624 | D:14     | 18624 ||| DRINKING 7 potions of heal wounds.
 18632 | D:14     | Noticed a fire giant
 18642 | D:14     | Killed a fire giant
 18643 | D:14     | 18643 ||| INVOKING Heroism.
 18669 | D:14     | Received a gift from Okawaru
 18683 | D:14     | HP: 24/96 [fire dragon/blast of flame (14)]
 18684 | D:14     | 18684 ||| READING 6 scrolls of teleportation.
 18685 | D:14     | 18685 ||| DRINKING 6 potions of heal wounds.
 18708 | D:14     | 18708 ||| INVOKING Heroism.
 18750 | D:14     | 18750 ||| Stepping ~*~*~tactically~*~*~ (hiding).
 18784 | D:14     | 18784 ||| DROPPING +1 war axe of chaos.
 18911 | D:14     | Received a gift from Okawaru
 18911 | D:14     | Found the +15 Maxwell's patent armour {-Cast -Tele rElec
                  | Will+ rCorr}
 18974 | D:14     | 18974 ||| Stepping ~*~*~tactically~*~*~ (stealth).
 18975 | D:14     | 18975 ||| Stepping ~*~*~tactically~*~*~ (stealth).
 18976 | D:14     | 18976 ||| Stepping ~*~*~tactically~*~*~ (stealth).
 18981 | D:14     | 18981 ||| Stepping ~*~*~tactically~*~*~ (stealth).
 19028 | D:14     | 19028 ||| INVOKING Heroism.
 19031 | D:14     | 19031 ||| Stepping ~*~*~tactically~*~*~ (hiding).
 19039 | D:14     | 19039 ||| Stepping ~*~*~tactically~*~*~ (hiding).
 19070 | D:14     | Identified the ring "Budghe Pylex" {Str+4 Dex+6 Stlth-}
 19071 | D:14     | 19071 ||| Stepping ~*~*~tactically~*~*~ (stealth).
 19072 | D:14     | 19072 ||| INVOKING Heroism.
 19188 | D:14     | 19188 ||| UPGRADING to ring "Budghe Pylex" {Str+4 Dex+6
                  | Stlth-}.
 19190 | D:14     | 19190 ||| DROPPING ring of willpower.
 19217 | D:15     | Entered Level 15 of the Dungeon
 19220 | D:15     | Found a staircase to the Depths.
 19221 | D:15     | 19221 ||| Stepping ~*~*~tactically~*~*~ (stealth).
 19223 | D:15     | 19223 ||| INVOKING Heroism.
 19344 | D:15     | 19344 ||| READING scroll of enchant armour.
 19344 | D:15     | 19344 ||| ENCHANTING +0 cloak.
 19441 | D:15     | 19441 ||| Stepping ~*~*~tactically~*~*~ (stealth).
 19443 | D:15     | 19443 ||| Stepping ~*~*~tactically~*~*~ (hiding).
 19447 | D:15     | 19447 ||| INVOKING Heroism.
 19475 | D:15     | Found Misutays's Antique Weapon Emporium.
 19522 | D:15     | 19522 ||| INVOKING Heroism.
 19538 | D:15     | 19538 ||| Stepping ~*~*~tactically~*~*~ (stealth).
 19544 | D:15     | 19544 ||| Stepping ~*~*~tactically~*~*~ (hiding).
 19552 | D:15     | Reached skill level 12 in Armour
 19565 | D:15     | Reached XP level 16. HP: 101/101 MP: 25/25
 19635 | D:15     | 19635 ||| Stepping ~*~*~tactically~*~*~ (hiding).
 19781 | D:15     | Reached skill level 13 in Shields
 19889 | D:15     | 19889 ||| Stepping ~*~*~tactically~*~*~ (stealth).
 20005 | D:15     | 20005 ||| INVOKING Heroism.
 20010 | D:15     | Received a gift from Okawaru
 20052 | D:15     | 20052 ||| PLANNING ORC
 20052 | D:15     | 20052 ||| READING 13 scrolls of identify.
 20052 | D:15     | 20052 ||| IDENTIFYING green potion
 20127 | Orc:1    | Entered Level 1 of the Orcish Mines
 20231 | Orc:1    | 20231 ||| INVOKING Heroism.
 20312 | Orc:1    | 20312 ||| Stepping ~*~*~tactically~*~*~ (stealth).
 20315 | Orc:1    | 20315 ||| Stepping ~*~*~tactically~*~*~ (stealth).
 20316 | Orc:1    | 20316 ||| Stepping ~*~*~tactically~*~*~ (stealth).
 20337 | Orc:1    | 20337 ||| INVOKING Heroism.
 20783 | Orc:1    | Found Roifin's Assorted Antiques.
 20791 | Orc:1    | 20791 ||| BUYING blackened brass ring (150 gold).
 20791 | Orc:1    | Bought a blackened brass ring for 150 gold pieces
 20791 | Orc:1    | 20791 ||| BUYING blue potion (27 gold).
 20791 | Orc:1    | Bought a blue potion for 27 gold pieces
 20791 | Orc:1    | 20791 ||| BUYING potion of resistance (300 gold).
 20791 | Orc:1    | Bought a potion of resistance for 300 gold pieces
 20836 | Orc:1    | 20836 ||| READING 12 scrolls of identify.
 20836 | Orc:1    | 20836 ||| IDENTIFYING blue potion
 20848 | Orc:2    | Entered Level 2 of the Orcish Mines
 20930 | Orc:2    | 20930 ||| INVOKING Heroism.
 20930 | Orc:2    | Paralysed by an orc sorcerer for 2 turns
 20932 | Orc:2    | Found a staircase to the Elven Halls.
 20939 | Orc:2    | 20939 ||| Stepping ~*~*~tactically~*~*~ (hiding).
 20944 | Orc:2    | 20944 ||| Stepping ~*~*~tactically~*~*~ (hiding).
 21008 | Orc:2    | 21008 ||| Stepping ~*~*~tactically~*~*~ (stealth).
 21009 | Orc:2    | 21009 ||| Stepping ~*~*~tactically~*~*~ (stealth).
 21010 | Orc:2    | 21010 ||| Stepping ~*~*~tactically~*~*~ (stealth).
 21017 | Orc:2    | 21017 ||| Stepping ~*~*~tactically~*~*~ (hiding).
 21018 | Orc:2    | 21018 ||| Stepping ~*~*~tactically~*~*~ (stealth).
 21019 | Orc:2    | 21019 ||| Stepping ~*~*~tactically~*~*~ (hiding).
 21020 | Orc:2    | 21020 ||| Stepping ~*~*~tactically~*~*~ (hiding).
 21021 | Orc:2    | 21021 ||| Stepping ~*~*~tactically~*~*~ (hiding).
 21042 | Orc:2    | 21042 ||| Stepping ~*~*~tactically~*~*~ (stealth).
 21072 | Orc:2    | 21072 ||| Stepping ~*~*~tactically~*~*~ (stealth).
 21073 | Orc:2    | 21073 ||| Stepping ~*~*~tactically~*~*~ (stealth).
 21074 | Orc:2    | 21074 ||| Stepping ~*~*~tactically~*~*~ (stealth).
 21076 | Orc:2    | 21076 ||| Stepping ~*~*~tactically~*~*~ (hiding).
 21092 | Orc:2    | 21092 ||| Stepping ~*~*~tactically~*~*~ (stealth).
 21093 | Orc:2    | 21093 ||| Stepping ~*~*~tactically~*~*~ (stealth).
 21095 | Orc:2    | 21095 ||| Stepping ~*~*~tactically~*~*~ (stealth).
 21125 | Orc:2    | Found Tokoisoq's Jewellery Shoppe.
 21134 | Orc:2    | 21134 ||| SHOPLISTING ring "Asairaly" {rN+ Str+3 Slay+4}
                  | (1432 gold, have 1367).
 21134 | Orc:2    | 21134 ||| BUYING ring of resist corrosion (300 gold).
 21134 | Orc:2    | Bought a ring of resist corrosion for 300 gold pieces
 21134 | Orc:2    | 21134 ||| BUYING ring of resist corrosion (300 gold).
 21134 | Orc:2    | Bought a ring of resist corrosion for 300 gold pieces
 21171 | Orc:2    | 21171 ||| Stepping ~*~*~tactically~*~*~ (hiding).
 21208 | Orc:2    | 21208 ||| DRINKING 4 potions of curing.
 21208 | Orc:2    | 21208 ||| (to cure confusion)
 21290 | Orc:2    | 21290 ||| Stepping ~*~*~tactically~*~*~ (hiding).
 21311 | Orc:2    | 21311 ||| DRINKING 3 potions of curing.
 21311 | Orc:2    | 21311 ||| (to cure confusion)
 21324 | Orc:2    | 21324 ||| INVOKING Heroism.
 21328 | Orc:2    | 21328 ||| Stepping ~*~*~tactically~*~*~ (hiding).
 21331 | Orc:2    | 21331 ||| Stepping ~*~*~tactically~*~*~ (hiding).
 21342 | Orc:2    | Received a gift from Okawaru
 21374 | Orc:2    | 21374 ||| INVOKING Heroism.
 21377 | Orc:2    | 21377 ||| Stepping ~*~*~tactically~*~*~ (stealth).
 21386 | Orc:2    | 21386 ||| Stepping ~*~*~tactically~*~*~ (hiding).
 21388 | Orc:2    | 21388 ||| Stepping ~*~*~tactically~*~*~ (hiding).
 21496 | Orc:2    | 21496 ||| Stepping ~*~*~tactically~*~*~ (hiding).
 21506 | Orc:2    | 21506 ||| Stepping ~*~*~tactically~*~*~ (stealth).
 21544 | Orc:2    | 21544 ||| INVOKING Heroism.
 21545 | Orc:2    | Paralysed by an orc sorcerer for 4 turns
 21549 | Orc:2    | 21549 ||| INVOKING Finesse.
 21550 | Orc:2    | 21550 ||| INVOKING Finesse.
 21559 | Orc:2    | Found Issyozol's Antique Weapon Boutique.
 21596 | Orc:2    | Found Voitipp's Antique Armour Shop.
 21706 | Orc:2    | 21706 ||| DRINKING 2 potions of curing.
 21706 | Orc:2    | 21706 ||| (to cure confusion)
 21709 | Orc:2    | 21709 ||| DRINKING potion of curing.
 21709 | Orc:2    | 21709 ||| (to cure confusion)
 21954 | Orc:2    | Found Bemeagit's Antique Weapon Shop.
 21975 | Orc:2    | 21975 ||| BUYING glowing war axe (234 gold).
 21975 | Orc:2    | Bought a glowing war axe for 234 gold pieces
 22156 | Orc:2    | 22156 ||| BUYING glowing chain mail (247 gold).
 22156 | Orc:2    | Bought a glowing chain mail for 247 gold pieces
 22203 | Orc:2    | 22203 ||| PLANNING SPIDER:1-3
 22203 | Orc:2    | 22203 ||| DROPPING +4 ring mail of cold resistance.
 22204 | Orc:2    | 22204 ||| UPGRADING to +3 plate armour of poison
                  | resistance.
 22214 | Orc:2    | 22214 ||| DROPPING +0 plate armour.
 22215 | Orc:2    | 22215 ||| DROPPING +2 scale mail of fire resistance.
 22350 | Spider:1 | Entered Level 1 of the Spider Nest
 22365 | Spider:1 | 22365 ||| INVOKING Heroism.
 22408 | Spider:1 | 22408 ||| INVOKING Finesse.
 22417 | Spider:1 | Received a gift from Okawaru
 22579 | Spider:1 | Received a gift from Okawaru
 22624 | Spider:1 | 22624 ||| INVOKING Finesse.
 22663 | Spider:1 | Reached skill level 6 in Dodging
 22677 | Spider:1 | Received a gift from Okawaru
 22723 | Spider:1 | Found a transporter.
 22723 | Spider:1 | Noticed Mourixt's ghost (adept GrFi)
 22724 | Spider:1 | Found a transporter.
 22748 | Spider:1 | 22748 ||| Stepping ~*~*~tactically~*~*~ (hiding).
 22875 | Spider:1 | Received a gift from Okawaru
 22876 | Spider:1 | 22876 ||| INVOKING Finesse.
 22937 | Spider:1 | 22937 ||| Stepping ~*~*~tactically~*~*~ (stealth).
 23171 | Spider:1 | 23171 ||| INVOKING Heroism.
 23176 | Spider:1 | 23176 ||| Stepping ~*~*~tactically~*~*~ (stealth).
 23230 | Spider:1 | 23230 ||| Stepping ~*~*~tactically~*~*~ (stealth).
 23236 | Spider:1 | 23236 ||| Stepping ~*~*~tactically~*~*~ (hiding).
 23471 | Spider:1 | 23471 ||| Stepping ~*~*~tactically~*~*~ (stealth).
 23550 | Spider:1 | 23550 ||| Stepping ~*~*~tactically~*~*~ (stealth).
 23551 | Spider:1 | 23551 ||| Stepping ~*~*~tactically~*~*~ (stealth).
 23692 | Spider:1 | 23692 ||| DROPPING +6 ring of dexterity.
 23767 | Spider:2 | 23767 ||| STAIRDANCE
 23778 | Spider:1 | 23778 ||| INVOKING Heroism.
 23877 | Spider:2 | Noticed qw's ghost (adept GrFi)
 23879 | Spider:2 | Found a runed translucent door.
 23883 | Spider:2 | 23883 ||| INVOKING Heroism.
 23914 | Spider:2 | 23914 ||| Stepping ~*~*~tactically~*~*~ (stealth).
 23919 | Spider:2 | 23919 ||| INVOKING Finesse.
 23949 | Spider:2 | Reached XP level 17. HP: 97/108 MP: 22/26
 23985 | Spider:2 | Noticed Frances
 23986 | Spider:2 | 23986 ||| INVOKING Heroism.
 23987 | Spider:2 | 23987 ||| INVOKING Finesse.
 23998 | Spider:2 | Killed Frances
 24098 | Spider:2 | Received a gift from Okawaru
 24104 | Spider:2 | 24104 ||| Stepping ~*~*~tactically~*~*~ (stealth).
 24108 | Spider:2 | 24108 ||| Stepping ~*~*~tactically~*~*~ (hiding).
 24109 | Spider:2 | 24109 ||| INVOKING Heroism.
 24431 | Spider:2 | 24431 ||| DROPPING amulet of guardian spirit.
 24478 | Spider:3 | 24478 ||| Stepping ~*~*~tactically~*~*~ (stealth).
 24500 | Spider:3 | 24500 ||| Stepping ~*~*~tactically~*~*~ (stealth).
 24502 | Spider:3 | 24502 ||| Stepping ~*~*~tactically~*~*~ (stealth).
 24599 | Spider:3 | 24599 ||| INVOKING Heroism.
 24608 | Spider:3 | 24608 ||| Stepping ~*~*~tactically~*~*~ (stealth).
 24641 | Spider:3 | Reached skill level 18 in Axes
 24874 | Spider:3 | 24874 ||| INVOKING Heroism.
 24882 | Spider:3 | Received a gift from Okawaru
 24915 | Spider:3 | 24915 ||| Stepping ~*~*~tactically~*~*~ (hiding).
 24918 | Spider:3 | 24918 ||| INVOKING Finesse.
 25117 | Spider:3 | 25117 ||| PLANNING SHOALS:1-3
 25258 | Shoals:1 | Entered Level 1 of the Shoals
 25284 | Shoals:1 | You are sucked into a shaft and drop 1 floor!
 25290 | Shoals:2 | 25290 ||| DROPPING +1 pair of gloves.
 25291 | Shoals:2 | 25291 ||| DROPPING ring of ice.
 25294 | Shoals:2 | 25294 ||| Stepping ~*~*~tactically~*~*~ (hiding).
 25380 | Shoals:1 | Noticed Nikola
 25381 | Shoals:1 | 25381 ||| INVOKING Heroism.
 25401 | Shoals:1 | Killed Nikola
 25401 | Shoals:1 | Received a gift from Okawaru
 25412 | Shoals:1 | 25412 ||| INVOKING Heroism.
 25508 | Shoals:1 | 25508 ||| INVOKING Heroism.
 25671 | Shoals:1 | Found a runed translucent gate.
 25671 | Shoals:1 | Found a runed translucent gate.
 25671 | Shoals:1 | Found a runed translucent gate.
 25671 | Shoals:1 | Noticed KappaVara's ghost (adept DsFi)
 25751 | Shoals:1 | Noticed Josephine
 25761 | Shoals:1 | Killed Josephine
 26856 | Shoals:2 | 26856 ||| INVOKING Heroism.
 26861 | Shoals:2 | Reached skill level 14 in Shields
 26891 | Shoals:2 | 26891 ||| INVOKING Heroism.
 26899 | Shoals:2 | Received a gift from Okawaru
 27296 | Shoals:2 | 27296 ||| INVOKING Heroism.
 27572 | Shoals:2 | 27572 ||| Stepping ~*~*~tactically~*~*~ (stealth).
 27593 | Shoals:3 | 27593 ||| INVOKING Heroism.
 27595 | Shoals:3 | 27595 ||| Stepping ~*~*~tactically~*~*~ (hiding).
 27663 | Shoals:3 | Received a gift from Okawaru
 27687 | Shoals:3 | 27687 ||| READING scroll of enchant armour.
 27687 | Shoals:3 | 27687 ||| ENCHANTING +1 cloak.
 27710 | Shoals:3 | 27710 ||| INVOKING Heroism.
 27760 | Shoals:3 | 27760 ||| Stepping ~*~*~tactically~*~*~ (stealth).
 27761 | Shoals:3 | Noticed a kraken
 27772 | Shoals:3 | Killed a kraken
 27790 | Shoals:3 | Noticed a kraken
 27803 | Shoals:3 | Killed a kraken
 27813 | Shoals:3 | Noticed a kraken
 27823 | Shoals:3 | Killed a kraken
 27864 | Shoals:3 | 27864 ||| INVOKING Heroism.
 27869 | Shoals:3 | 27869 ||| INVOKING Finesse.
 27924 | Shoals:3 | 27924 ||| Stepping ~*~*~tactically~*~*~ (stealth).
 27925 | Shoals:3 | 27925 ||| INVOKING Heroism.
 27926 | Shoals:3 | 27926 ||| Stepping ~*~*~tactically~*~*~ (hiding).
 27969 | Shoals:3 | 27969 ||| Stepping ~*~*~tactically~*~*~ (hiding).
 27971 | Shoals:3 | 27971 ||| Stepping ~*~*~tactically~*~*~ (hiding).
 27972 | Shoals:3 | 27972 ||| Stepping ~*~*~tactically~*~*~ (hiding).
 27974 | Shoals:3 | 27974 ||| Stepping ~*~*~tactically~*~*~ (hiding).
 27975 | Shoals:3 | 27975 ||| INVOKING Heroism.
 27976 | Shoals:3 | 27976 ||| INVOKING Finesse.
 27989 | Shoals:3 | Reached XP level 18. HP: 110/116 MP: 21/28
 27996 | Shoals:3 | 27996 ||| Stepping ~*~*~tactically~*~*~ (stealth).
 28003 | Shoals:3 | 28003 ||| Stepping ~*~*~tactically~*~*~ (hiding).
 28147 | Shoals:3 | 28147 ||| INVOKING Heroism.
 28422 | Shoals:3 | Received a gift from Okawaru
 28557 | Shoals:3 | 28557 ||| PLANNING SPIDER:4
 28770 | Spider:4 | Entered Level 4 of the Spider Nest
 28773 | Spider:4 | 28773 ||| Stepping ~*~*~tactically~*~*~ (stealth).
 28774 | Spider:4 | 28774 ||| INVOKING Finesse.
 28803 | Spider:4 | 28803 ||| INVOKING Heroism.
 28830 | Spider:4 | Reached skill level 15 in Fighting
 28834 | Spider:4 | 28834 ||| Stepping ~*~*~tactically~*~*~ (stealth).
 28901 | Spider:4 | 28901 ||| Stepping ~*~*~tactically~*~*~ (stealth).
 28902 | Spider:4 | 28902 ||| Stepping ~*~*~tactically~*~*~ (stealth).
 28903 | Spider:4 | 28903 ||| Stepping ~*~*~tactically~*~*~ (stealth).
 28905 | Spider:4 | 28905 ||| Stepping ~*~*~tactically~*~*~ (stealth).
 28931 | Spider:4 | 28931 ||| READING scroll of enchant armour.
 28931 | Spider:4 | 28931 ||| ENCHANTING +3 plate armour of poison resistance.
 28943 | Spider:4 | 28943 ||| INVOKING Heroism.
 28998 | Spider:4 | 28998 ||| Stepping ~*~*~tactically~*~*~ (stealth).
 29000 | Spider:4 | 29000 ||| Stepping ~*~*~tactically~*~*~ (stealth).
 29001 | Spider:4 | 29001 ||| Stepping ~*~*~tactically~*~*~ (stealth).
 29002 | Spider:4 | 29002 ||| Stepping ~*~*~tactically~*~*~ (stealth).
 29010 | Spider:4 | 29010 ||| INVOKING Heroism.
 29064 | Spider:4 | 29064 ||| Stepping ~*~*~tactically~*~*~ (stealth).
 29065 | Spider:4 | 29065 ||| Stepping ~*~*~tactically~*~*~ (stealth).
 29066 | Spider:4 | 29066 ||| Stepping ~*~*~tactically~*~*~ (stealth).
 29067 | Spider:4 | 29067 ||| Stepping ~*~*~tactically~*~*~ (stealth).
 29090 | Spider:4 | 29090 ||| INVOKING Finesse.
 29241 | Spider:4 | 29241 ||| Stepping ~*~*~tactically~*~*~ (stealth).
 29286 | Spider:4 | 29286 ||| Stepping ~*~*~tactically~*~*~ (hiding).
 29287 | Spider:4 | 29287 ||| Stepping ~*~*~tactically~*~*~ (hiding).
 29434 | Spider:4 | Reached skill level 15 in Armour
 29450 | Spider:4 | Received a gift from Okawaru
 29473 | Spider:4 | 29473 ||| INVOKING Heroism.
 29484 | Spider:4 | Reached skill level 15 in Shields
 29490 | Spider:4 | 29490 ||| Stepping ~*~*~tactically~*~*~ (stealth).
 29491 | Spider:4 | 29491 ||| Stepping ~*~*~tactically~*~*~ (stealth).
 29524 | Spider:4 | 29524 ||| INVOKING Heroism.
 29709 | Spider:4 | Got a gossamer rune of Zot
 29928 | Spider:4 | 29928 ||| PLANNING VAULTS:1-4
 29928 | Spider:4 | 29928 ||| DROPPING +1 pair of boots of rampaging.
 29929 | Spider:4 | 29929 ||| DROPPING +0 pair of boots of stealth.
 29930 | Spider:4 | 29930 ||| DROPPING scarf of harm.
 29931 | Spider:4 | 29931 ||| DROPPING +1 chain mail of fire resistance.
 30126 | Vaults:1 | Entered Level 1 of the Vaults
 30157 | Vaults:1 | 30157 ||| INVOKING Heroism.
 30158 | Vaults:1 | 30158 ||| INVOKING Finesse.
 30313 | Vaults:1 | 30313 ||| DROPPING +0 broad axe of electrocution.
 30355 | Vaults:1 | 30355 ||| INVOKING Heroism.
 30359 | Vaults:1 | 30359 ||| INVOKING Finesse.
 30390 | Vaults:1 | Reached XP level 19. HP: 71/125 MP: 24/29
 30403 | Vaults:1 | 30403 ||| Stepping ~*~*~tactically~*~*~ (hiding).
 30404 | Vaults:1 | 30404 ||| Stepping ~*~*~tactically~*~*~ (hiding).
 30634 | Vaults:1 | 30634 ||| INVOKING Heroism.
 30635 | Vaults:1 | 30635 ||| INVOKING Finesse.
 30641 | Abyss:2  | Cast into level 2 of the Abyss (a wizard)
 30686 | Abyss:2  | Found a corrupted altar of Lugonu.
 30730 | Abyss:2  | Identified the +8 chain mail "Coozar" {Regen+} (Okawaru
                  | gifted it to you on level 2 of the Abyss)
 30730 | Abyss:2  | Received a gift from Okawaru
 30733 | Abyss:2  | 30733 ||| Stepping ~*~*~tactically~*~*~ (stealth).
 30778 | Abyss:2  | Found a corrupted altar of Lugonu.
 30789 | Abyss:2  | 30789 ||| Stepping ~*~*~tactically~*~*~ (stealth).
 30803 | Abyss:2  | 30803 ||| Stepping ~*~*~tactically~*~*~ (stealth).
 30837 | Abyss:2  | 30837 ||| Stepping ~*~*~tactically~*~*~ (stealth).
 30846 | Abyss:2  | 30846 ||| Stepping ~*~*~tactically~*~*~ (stealth).
 30894 | Abyss:2  | 30894 ||| INVOKING Heroism.
 30899 | Abyss:3  | Found a corrupted altar of Lugonu.
 30923 | Abyss:3  | 30923 ||| Stepping ~*~*~tactically~*~*~ (cloud).
 30929 | Abyss:3  | 30929 ||| Stepping ~*~*~tactically~*~*~ (cloud).
 30942 | Abyss:3  | 30942 ||| UPGRADING to +8 chain mail "Coozar" {Regen+}.
 30952 | Abyss:3  | 30952 ||| DROPPING +4 plate armour of poison resistance.
 30953 | Abyss:3  | 30953 ||| READING 17 scrolls of identify.
 30953 | Abyss:3  | 30953 ||| IDENTIFYING murky orange potion
 30954 | Abyss:3  | 30954 ||| DROPPING potion of degeneration.
 30956 | Abyss:3  | Found a corrupted altar of Lugonu.
 30960 | Vaults:1 | Escaped the Abyss
 30961 | Vaults:1 | 30961 ||| INVOKING Heroism.
 30962 | Vaults:1 | 30962 ||| INVOKING Finesse.
 31010 | Vaults:1 | 31010 ||| INVOKING Heroism.
 31011 | Vaults:1 | 31011 ||| INVOKING Finesse.
 31033 | Vaults:1 | 31033 ||| Stepping ~*~*~tactically~*~*~ (hiding).
 31088 | Vaults:1 | Reached skill level 9 in Dodging
 31094 | Vaults:1 | 31094 ||| INVOKING Heroism.
 31133 | Vaults:1 | Found Puereko's Magic Scroll Shop.
 31142 | Vaults:1 | 31142 ||| BUYING scroll of teleportation (60 gold).
 31142 | Vaults:1 | Bought a scroll of teleportation for 60 gold pieces
 31153 | Vaults:1 | 31153 ||| Stepping ~*~*~tactically~*~*~ (hiding).
 31156 | Vaults:1 | 31156 ||| INVOKING Heroism.
 31272 | Vaults:1 | 31272 ||| Stepping ~*~*~tactically~*~*~ (hiding).
 31273 | Vaults:1 | 31273 ||| Stepping ~*~*~tactically~*~*~ (hiding).
 31274 | Vaults:1 | 31274 ||| Stepping ~*~*~tactically~*~*~ (hiding).
 31291 | Vaults:1 | 31291 ||| Stepping ~*~*~tactically~*~*~ (hiding).
 31499 | Vaults:1 | 31499 ||| Stepping ~*~*~tactically~*~*~ (stealth).
 31501 | Vaults:1 | 31501 ||| Stepping ~*~*~tactically~*~*~ (hiding).
 31505 | Vaults:1 | 31505 ||| Stepping ~*~*~tactically~*~*~ (hiding).
 31546 | Vaults:1 | 31546 ||| Stepping ~*~*~tactically~*~*~ (stealth).
 31550 | Vaults:1 | 31550 ||| Stepping ~*~*~tactically~*~*~ (stealth).
 31568 | Vaults:1 | 31568 ||| INVOKING Heroism.
 31620 | Vaults:1 | 31620 ||| Stepping ~*~*~tactically~*~*~ (stealth).
 31647 | Vaults:1 | Found Qiozef's Book Emporium.
 31673 | Vaults:1 | 31673 ||| FLEEEEING.
 31674 | Vaults:1 | 31674 ||| FLEEEEING.
 31679 | Vaults:1 | 31679 ||| FLEEEEING.
 31680 | Vaults:1 | 31680 ||| FLEEEEING.
 31681 | Vaults:1 | 31681 ||| FLEEEEING.
 31682 | Vaults:1 | 31682 ||| FLEEEEING.
 31688 | Vaults:1 | 31688 ||| FLEEEEING.
 31689 | Vaults:1 | 31689 ||| FLEEEEING.
 31690 | Vaults:1 | 31690 ||| FLEEEEING.
 31691 | Vaults:1 | 31691 ||| FLEEEEING.
 31692 | Vaults:1 | 31692 ||| FLEEEEING.
 31693 | Vaults:1 | 31693 ||| FLEEEEING.
 31694 | Vaults:1 | 31694 ||| FLEEEEING.
 31697 | Vaults:1 | 31697 ||| FLEEEEING.
 31698 | Vaults:1 | 31698 ||| FLEEEEING.
 31699 | Vaults:1 | 31699 ||| FLEEEEING.
 31700 | Vaults:1 | 31700 ||| Stepping ~*~*~tactically~*~*~ (hiding).
 31704 | Vaults:1 | 31704 ||| INVOKING Heroism.
 31878 | Vaults:1 | Received a gift from Okawaru
 31880 | Vaults:1 | 31880 ||| Stepping ~*~*~tactically~*~*~ (hiding).
 31882 | Vaults:1 | 31882 ||| Stepping ~*~*~tactically~*~*~ (hiding).
 31912 | Vaults:1 | 31912 ||| INVOKING Heroism.
 31933 | Vaults:1 | Received a gift from Okawaru
 31934 | Vaults:1 | Reached skill level 16 in Shields
 32084 | Vaults:1 | 32084 ||| FLEEEEING.
 32087 | Vaults:1 | 32087 ||| FLEEEEING.
 32088 | Vaults:1 | 32088 ||| FLEEEEING.
 32089 | Vaults:1 | 32089 ||| FLEEEEING.
 32090 | Vaults:1 | 32090 ||| FLEEEEING.
 32091 | Vaults:1 | 32091 ||| FLEEEEING.
 32092 | Vaults:1 | 32092 ||| FLEEEEING.
 32093 | Vaults:1 | 32093 ||| FLEEEEING.
 32094 | Vaults:1 | 32094 ||| FLEEEEING.
 32095 | Vaults:1 | 32095 ||| FLEEEEING.
 32096 | Vaults:1 | 32096 ||| FLEEEEING.
 32097 | Vaults:1 | 32097 ||| FLEEEEING.
 32098 | Vaults:1 | 32098 ||| FLEEEEING.
 32104 | Vaults:1 | 32104 ||| FLEEEEING.
 32105 | Vaults:1 | 32105 ||| FLEEEEING.
 32106 | Vaults:1 | 32106 ||| FLEEEEING.
 32107 | Vaults:1 | 32107 ||| FLEEEEING.
 32108 | Vaults:1 | 32108 ||| FLEEEEING.
 32109 | Vaults:1 | 32109 ||| FLEEEEING.
 32113 | Vaults:1 | 32113 ||| FLEEEEING.
 32114 | Vaults:1 | 32114 ||| FLEEEEING.
 32115 | Vaults:1 | 32115 ||| FLEEEEING.
 32116 | Vaults:1 | 32116 ||| FLEEEEING.
 32117 | Vaults:1 | 32117 ||| FLEEEEING.
 32118 | Vaults:1 | 32118 ||| FLEEEEING.
 32119 | Vaults:1 | 32119 ||| FLEEEEING.
 32130 | Vaults:1 | 32130 ||| FLEEEEING.
 32131 | Vaults:1 | 32131 ||| FLEEEEING.
 32137 | Vaults:1 | 32137 ||| FLEEEEING.
 32138 | Vaults:1 | 32138 ||| FLEEEEING.
 32139 | Vaults:1 | 32139 ||| FLEEEEING.
 32140 | Vaults:1 | 32140 ||| FLEEEEING.
 32141 | Vaults:1 | 32141 ||| FLEEEEING.
 32142 | Vaults:1 | 32142 ||| FLEEEEING.
 32143 | Vaults:1 | 32143 ||| FLEEEEING.
 32144 | Vaults:1 | 32144 ||| FLEEEEING.
 32149 | Vaults:1 | 32149 ||| FLEEEEING.
 32150 | Vaults:1 | 32150 ||| FLEEEEING.
 32151 | Vaults:1 | 32151 ||| FLEEEEING.
 32155 | Vaults:1 | 32155 ||| STAIRDANCE
 32260 | Vaults:1 | 32260 ||| STAIRDANCE
 32366 | Vaults:1 | 32366 ||| STAIRDANCE
 32369 | D:13     | Received a gift from Okawaru
 32991 | Vaults:2 | 32991 ||| INVOKING Heroism.
 33155 | Vaults:2 | 33155 ||| Stepping ~*~*~tactically~*~*~ (hiding).
 33306 | Vaults:2 | Received a gift from Okawaru
 33361 | Vaults:2 | 33361 ||| Stepping ~*~*~tactically~*~*~ (hiding).
 33379 | Vaults:2 | 33379 ||| Stepping ~*~*~tactically~*~*~ (stealth).
 33415 | Vaults:2 | 33415 ||| FLEEEEING.
 33416 | Vaults:2 | 33416 ||| FLEEEEING.
 33417 | Vaults:2 | 33417 ||| FLEEEEING.
 33418 | Vaults:2 | 33418 ||| FLEEEEING.
 33419 | Vaults:2 | 33419 ||| FLEEEEING.
 33420 | Vaults:2 | 33420 ||| FLEEEEING.
 33421 | Vaults:2 | 33421 ||| FLEEEEING.
 33422 | Vaults:2 | 33422 ||| FLEEEEING.
 33423 | Vaults:2 | 33423 ||| FLEEEEING.
 33424 | Vaults:2 | 33424 ||| FLEEEEING.
 33425 | Vaults:2 | 33425 ||| FLEEEEING.
 33426 | Vaults:2 | 33426 ||| FLEEEEING.
 33427 | Vaults:2 | 33427 ||| FLEEEEING.
 33428 | Vaults:2 | 33428 ||| FLEEEEING.
 33429 | Vaults:2 | 33429 ||| FLEEEEING.
 33430 | Vaults:2 | 33430 ||| FLEEEEING.
 33431 | Vaults:2 | 33431 ||| FLEEEEING.
 33432 | Vaults:2 | 33432 ||| FLEEEEING.
 33433 | Vaults:2 | 33433 ||| FLEEEEING.
 33434 | Vaults:2 | 33434 ||| FLEEEEING.
 33435 | Vaults:2 | 33435 ||| FLEEEEING.
 33436 | Vaults:2 | 33436 ||| FLEEEEING.
 33437 | Vaults:2 | 33437 ||| FLEEEEING.
 33438 | Vaults:2 | 33438 ||| FLEEEEING.
 33439 | Vaults:2 | 33439 ||| FLEEEEING.
 33440 | Vaults:2 | 33440 ||| FLEEEEING.
 33441 | Vaults:2 | 33441 ||| FLEEEEING.
 33442 | Vaults:2 | 33442 ||| FLEEEEING.
 33443 | Vaults:2 | 33443 ||| FLEEEEING.
 33444 | Vaults:2 | 33444 ||| FLEEEEING.
 33445 | Vaults:2 | 33445 ||| FLEEEEING.
 33446 | Vaults:2 | 33446 ||| FLEEEEING.
 33447 | Vaults:2 | 33447 ||| FLEEEEING.
 33448 | Vaults:2 | 33448 ||| FLEEEEING.
 33480 | Vaults:2 | Received a gift from Okawaru
 33481 | Vaults:2 | Reached XP level 20. HP: 136/136 MP: 30/30
 33487 | Vaults:2 | Reached skill level 18 in Fighting
 33537 | Vaults:2 | Identified the +2 broad axe "Lideac" {freeze, *Rage rElec
                  | rPois Int+6} (Okawaru gifted it to you on level 2 of the
                  | Vaults)
 33537 | Vaults:2 | Received a gift from Okawaru
 33543 | Vaults:2 | 33543 ||| DROPPING +2 broad axe "Lideac" {freeze, *Rage
                  | rElec rPois Int+6}.
 33637 | Vaults:2 | Found Goipoaxo's Book Shop.
 33818 | Vaults:2 | 33818 ||| Stepping ~*~*~tactically~*~*~ (hiding).
 33960 | Vaults:2 | 33960 ||| Stepping ~*~*~tactically~*~*~ (stealth).
 33994 | Vaults:2 | 33994 ||| Stepping ~*~*~tactically~*~*~ (stealth).
 34040 | Vaults:2 | Found a staircase to the Crypt.
 34107 | Vaults:2 | Reached skill level 9 in Throwing
 34285 | Vaults:2 | 34285 ||| FLEEEEING.
 34286 | Vaults:2 | 34286 ||| FLEEEEING.
 34288 | Vaults:2 | 34288 ||| FLEEEEING.
 34289 | Vaults:2 | 34289 ||| FLEEEEING.
 34291 | Vaults:2 | 34291 ||| FLEEEEING.
 34292 | Vaults:2 | 34292 ||| FLEEEEING.
 34293 | Vaults:2 | 34293 ||| FLEEEEING.
 34294 | Vaults:2 | 34294 ||| FLEEEEING.
 34295 | Vaults:2 | 34295 ||| FLEEEEING.
 34297 | Vaults:2 | 34297 ||| FLEEEEING.
 34298 | Vaults:2 | 34298 ||| FLEEEEING.
 34299 | Vaults:2 | 34299 ||| FLEEEEING.
 34300 | Vaults:2 | 34300 ||| FLEEEEING.
 34301 | Vaults:2 | 34301 ||| FLEEEEING.
 34302 | Vaults:2 | 34302 ||| FLEEEEING.
 34303 | Vaults:2 | 34303 ||| FLEEEEING.
 34304 | Vaults:2 | 34304 ||| FLEEEEING.
 34305 | Vaults:2 | 34305 ||| FLEEEEING.
 34306 | Vaults:2 | 34306 ||| FLEEEEING.
 34307 | Vaults:2 | 34307 ||| FLEEEEING.
 34308 | Vaults:2 | 34308 ||| FLEEEEING.
 34314 | Vaults:2 | 34314 ||| FLEEEEING.
 34315 | Vaults:2 | 34315 ||| FLEEEEING.
 34316 | Vaults:2 | 34316 ||| FLEEEEING.
 34317 | Vaults:2 | 34317 ||| FLEEEEING.
 34318 | Vaults:2 | 34318 ||| FLEEEEING.
 34319 | Vaults:2 | 34319 ||| FLEEEEING.
 34320 | Vaults:2 | 34320 ||| FLEEEEING.
 34321 | Vaults:2 | 34321 ||| FLEEEEING.
 34322 | Vaults:2 | 34322 ||| FLEEEEING.
 34323 | Vaults:2 | 34323 ||| FLEEEEING.
 34326 | Vaults:2 | 34326 ||| FLEEEEING.
 34327 | Vaults:2 | 34327 ||| FLEEEEING.
 34328 | Vaults:2 | 34328 ||| FLEEEEING.
 34329 | Vaults:2 | 34329 ||| FLEEEEING.
 34330 | Vaults:2 | 34330 ||| FLEEEEING.
 34331 | Vaults:2 | 34331 ||| FLEEEEING.
 34332 | Vaults:2 | 34332 ||| FLEEEEING.
 34333 | Vaults:2 | 34333 ||| FLEEEEING.
 34334 | Vaults:2 | 34334 ||| FLEEEEING.
 34335 | Vaults:2 | 34335 ||| FLEEEEING.
 34336 | Vaults:2 | 34336 ||| FLEEEEING.
 34343 | Vaults:2 | 34343 ||| STAIRDANCE
 34545 | Vaults:1 | 34545 ||| UPGRADING to +0 tower shield.
 34555 | Vaults:1 | 34555 ||| DROPPING +0 kite shield of Saefucey {Str+3 SInv}.
 34560 | Vaults:2 | 34560 ||| STAIRDANCE
 34664 | Vaults:2 | 34664 ||| STAIRDANCE
 34668 | Vaults:1 | Reached ****** piety under Okawaru
 34783 | Vaults:2 | 34783 ||| Stepping ~*~*~tactically~*~*~ (hiding).
 35013 | Vaults:3 | 35013 ||| INVOKING Heroism.
 35022 | Vaults:3 | Received a gift from Okawaru
 35034 | Vaults:3 | 35034 ||| INVOKING Finesse.
 35036 | Vaults:3 | 35036 ||| Stepping ~*~*~tactically~*~*~ (hiding).
 35045 | Vaults:3 | 35045 ||| DRINKING 6 potions of curing.
 35045 | Vaults:3 | 35045 ||| (to cure confusion)
 35050 | Vaults:3 | 35050 ||| DRINKING 5 potions of curing.
 35050 | Vaults:3 | 35050 ||| (to cure confusion)
 35057 | Vaults:3 | Paralysed by a great orb of eyes for 3 turns
 35273 | Vaults:3 | 35273 ||| Stepping ~*~*~tactically~*~*~ (hiding).
 35277 | Vaults:3 | 35277 ||| Stepping ~*~*~tactically~*~*~ (hiding).
 35349 | Vaults:3 | Received a gift from Okawaru
 35366 | Vaults:3 | 35366 ||| DROPPING +0 broad axe of freezing.
 35583 | Abyss:3  | Cast into level 3 of the Abyss (a wizard)
 35604 | Abyss:3  | 35604 ||| Stepping ~*~*~tactically~*~*~ (stealth).
 35608 | Abyss:3  | Reached skill level 17 in Shields
 35624 | Abyss:3  | 35624 ||| Stepping ~*~*~tactically~*~*~ (stealth).
 35625 | Abyss:3  | Found a corrupted altar of Lugonu.
 35626 | Abyss:3  | 35626 ||| Stepping ~*~*~tactically~*~*~ (hiding).
 35631 | Abyss:3  | Found a corrupted altar of Lugonu.
 35662 | Abyss:3  | 35662 ||| Stepping ~*~*~tactically~*~*~ (hiding).
 35664 | Abyss:3  | 35664 ||| Stepping ~*~*~tactically~*~*~ (hiding).
 35676 | Abyss:3  | 35676 ||| Stepping ~*~*~tactically~*~*~ (stealth).
 35681 | Vaults:3 | Escaped the Abyss
 35739 | Vaults:3 | 35739 ||| Stepping ~*~*~tactically~*~*~ (hiding).
 35742 | Vaults:3 | 35742 ||| Stepping ~*~*~tactically~*~*~ (hiding).
 35748 | Vaults:3 | 35748 ||| Stepping ~*~*~tactically~*~*~ (hiding).
 35755 | Vaults:3 | 35755 ||| Stepping ~*~*~tactically~*~*~ (hiding).
 35756 | Vaults:3 | 35756 ||| Stepping ~*~*~tactically~*~*~ (hiding).
 35758 | Vaults:3 | 35758 ||| Stepping ~*~*~tactically~*~*~ (hiding).
 35760 | Vaults:3 | 35760 ||| Stepping ~*~*~tactically~*~*~ (hiding).
 35917 | Vaults:3 | 35917 ||| INVOKING Heroism.
 36020 | Vaults:3 | 36020 ||| INVOKING Heroism.
 36051 | Vaults:3 | Reached skill level 18 in Shields
 36177 | Vaults:3 | Received a gift from Okawaru
 36212 | Vaults:3 | 36212 ||| DROPPING +0 heavy war axe.
 36256 | Vaults:3 | Noticed Asterion
 36257 | Vaults:3 | 36257 ||| INVOKING Heroism.
 36258 | Vaults:3 | 36258 ||| INVOKING Finesse.
 36273 | Vaults:3 | Killed Asterion
 36319 | Vaults:3 | Found Ypeohy's Distillery.
 36322 | Vaults:3 | 36322 ||| BUYING potion of curing (39 gold).
 36322 | Vaults:3 | Bought a potion of curing for 39 gold pieces
 36322 | Vaults:3 | 36322 ||| BUYING potion of enlightenment (65 gold).
 36322 | Vaults:3 | Bought a potion of enlightenment for 65 gold pieces
 36322 | Vaults:3 | 36322 ||| BUYING potion of haste (130 gold).
 36322 | Vaults:3 | Bought a potion of haste for 130 gold pieces
 36322 | Vaults:3 | 36322 ||| BUYING potion of heal wounds (65 gold).
 36322 | Vaults:3 | Bought a potion of heal wounds for 65 gold pieces
 36322 | Vaults:3 | 36322 ||| BUYING potion of heal wounds (65 gold).
 36322 | Vaults:3 | Bought a potion of heal wounds for 65 gold pieces
 36322 | Vaults:3 | 36322 ||| BUYING potion of resistance (130 gold).
 36322 | Vaults:3 | Bought a potion of resistance for 130 gold pieces
 36420 | Vaults:3 | Paralysed by a great orb of eyes for 5 turns
 36481 | Vaults:3 | 36481 ||| Stepping ~*~*~tactically~*~*~ (hiding).
 36832 | Vaults:4 | Noticed Zenata
 36833 | Vaults:4 | 36833 ||| INVOKING Heroism.
 36834 | Vaults:4 | 36834 ||| INVOKING Finesse.
 36846 | Vaults:4 | Killed Zenata
 36924 | Vaults:4 | 36924 ||| Stepping ~*~*~tactically~*~*~ (hiding).
 36955 | Vaults:4 | 36955 ||| INVOKING Heroism.
 36973 | Vaults:4 | 36973 ||| DRINKING 5 potions of curing.
 36973 | Vaults:4 | 36973 ||| (to cure confusion)
 36976 | Vaults:4 | Reached skill level 19 in Shields
 36976 | Vaults:4 | Reached XP level 21. HP: 40/141 MP: 31/31
 36987 | Vaults:4 | HP: 34/141 [vault warden/+1 long sword of holy wrath (29)]
 36988 | Vaults:4 | 36988 ||| READING 9 scrolls of teleportation.
 36988 | Vaults:4 | HP: 7/141 [vault warden/+1 long sword of holy wrath (30)]
 36988 | Vaults:4 | Demolished by an ironbound thunderhulk

Levels and vault maps discovered:
D:1:      minmay_arrival_five_plusses, layout_loops_cross
D:2:      minmay_recursive_quarters, layout_basic, serial_shops,
          nicolae_diamond_shop, cheibrodos_gnoll_hut, uniq_crazy_yiuf_cottage,
          uniq_terence
D:3:      layout_loops_ring, okawaru_altar_gauntlet_db, grunt_decor_resistance,
          uniq_jessica
D:4:      layout_loops_ring, nicolae_ru_awakened_eye, serial_shops, shop
D:5:      layout_loops_ring, lemuel_doored_altar, uniq_grinder
D:6:      layout_gridville, mainiacjoe_overflow_alcove_1, amcnicky_altar_gilded,
          tso_metal_star, grunt_dithmenos_shadows, serial_shops, shop
D:7:      layout_basic, minmay_temple_entry_gardened_gates,
          gammafunk_ghost_grave, serial_shops, shop, kennysheep_mini,
          uniq_prince_ribbit1
D:8:      gammafunk_corrupted_shrine, layout_gridville
D:9:      layout_long_grid, uniq_erolcha, uniq_maurice
D:10:     nicolae_BIG_FREAKIN_CUBE, layout_cave_pools,
          mainiacjoe_overflow_paths, nicolae_overflow_squiral, serial_shops,
          nicolae_shop_scrapyard, gammafunk_ghost_ooze,
          hellmonk_guarded_unrand_gyre_and_gimble
D:11:     layout_roguey, hellmonk_lair_entry_icy, serial_aquarium,
          aquarium_bridge_square [aquarium_subvault_bridge,
          aquarium_subvault_window, aquarium_subvault_bridge,
          aquarium_subvault_bridge], aquarium_bridge_straight
          [aquarium_subvault_bridge, aquarium_subvault_window,
          aquarium_subvault_bridge, aquarium_subvault_balcony],
          aquarium_window_2, aquarium_window_corridor_2, aquarium_window_2,
          aquarium_view_2d, aquarium_view_2c, aquarium_balcony_5a,
          aquarium_pool_side, uniq_snorg, uniq_urug
D:12:     layout_small_grid, minivault_25
D:13:     layout_basic, david_vaults_3, gauntlet_entry_generic, elyvilon_altar_4
D:14:     hangedman_what_comes_after_a, layout_basic,
          chequers_serial_rivers_micro_d
D:15:     grunt_enter_depths_giant_problem, layout_irregular_city, serial_shops,
          shop
Lair:1:   layout_small_grid, maelrawn_ghost_gauntlet_escape, grunt_megastairs_3,
          uniq_grum
Lair:2:   layout_small_grid, minmay_shoals_entry_lonely_mermaid, uniq_amaemon
Lair:3:   layout_concentric_octagons, spider_nest_entry_rubble,
          serial_bayou_lake_a, lemuel_fruit_tree, grunt_megastairs_5
Lair:4:   layout_cave_pods, infiniplex_staircase_pool_2
Lair:5:   minmay_lair_end_frog_pond, layout_cave_pods, slime_entry_1,
          chequers_serial_rivers_micro_c
Shoals:1: layout_shoals, gammafunk_ghost_necromancy,
          nicolae_shoals_lost_giant_amphitheater, uniq_josephine, uniq_nikola
Shoals:2: layout_shoals
Shoals:3: layout_shoals, nicolae_shoals_kraken_party
Spider:1: layout_spider_delve, gammafunk_ghost_arena
Spider:2: layout_spider_delve, hellmonk_ghost_happy_afterlife, uniq_frances
Spider:3: layout_spider_delve, hive_lemuel
Spider:4: grunt_spider_rune_parallel
Orc:1:    layout_caves, basic_altar, serial_shops, nicolae_lakefront_shop,
          bh_open_orc_temple
Orc:2:    grunt_orc_community_town_hall, layout_caves,
          grunt_orc_community_big_house_1, grunt_orc_community_big_house_1,
          grunt_orc_community_house_1, grunt_orc_community_house_2,
          grunt_orc_community_house_2, grunt_orc_community_house_3,
          grunt_orc_community_house_1, grunt_orc_community_house_1
Vaults:1: nicolae_vaults_cornered_office, st_eye, nicolae_vaults_puzzle_piece,
          dpeg_vaults_monster_box, vaults_room_fancy_cross,
          dpeg_vaults_monster_row, hangedman_vaults_restitches,
          nicolae_vaults_octothorpe, nicolae_vaults_six-pack, v_misc_25,
          nicolae_vaults_diamond_1, layout_vaults_omnicross, serial_shops, shop,
          shop
Vaults:2: v_alt_pattern_6, nicolae_vaults_closet_pinwheel_1,
          nicolae_vaults_closet_pinwheel_6, hangedman_vaults_maws, v_misc_30,
          nicolae_vaults_tetromino_T_1, nicolae_vaults_layer_cake_slice,
          layout_vaults_quadrants, dummy_crypt_entry, serial_shops, shop
Vaults:3: nicolae_vaults_ninety_degrees, nicolae_vaults_spaceships,
          nicolae_vaults_little_squares_5, nicolae_vaults_variable_pillar_hall,
          vaults_dpeg_hooks, v_alt_pattern_2,
          nicolae_vaults_windows_and_doors_thing, ontoclasm_vaults_eye,
          nicolae_vaults_tetromino_T_2, vaults_room_corners,
          ontoclasm_vaults_ring_small, layout_vaults_big_room, serial_shops,
          shop, uniq_asterion
Vaults:4: nicolae_vaults_little_squares_4, nicolae_vaults_prndl, v_misc_18,
          nicolae_vaults_house_2, nicolae_vaults_variable_pillar_hall,
          nicolae_vaults_back_hallway, nicolae_vaults_puzzle_piece,
          nicolae_vaults_library_corner, v_misc_29, vaults_room_corners,
          ontoclasm_vaults_pinch, vaults_room_pools,
          nicolae_vaults_little_squares_5, nicolae_vaults_trapezoid_1,
          vaults_dpeg_encased_lava, layout_vaults_omnibox, uniq_zenata

Skill      XL: |  1  2  3  4  5  6  7  8  9 10 11 12 13 14 15 16 17 18 19 20 |
---------------+-------------------------------------------------------------+-----
Axes           | 2 3 4 5 6 7 8 9 10 11 12 13 14 16 17 18 | 18.0
Throwing       | 1 2 3 4 6 7 8 9 |  9.1
Fighting       | 4 6 7 8 9 10 11 12 13 14 16 17 18 | 18.0
Dodging        | 1 2 3 5 6 7 8 9 |  9.9
Invocations    | 1 4 6 9 10 | 10.0
Armour         | 4 7 8 9 10 11 12 13 15 16 | 16.0
Shields        | 4 5 8 11 12 13 14 15 16 19 | 19.1

Action                     |  1- 3 |  4- 6 |  7- 9 | 10-12 | 13-15 | 16-18 | 19-21 || total
---------------------------+-------+-------+-------+-------+-------+-------+-------++-------
  Melee: War axe           |    81 |   134 |   279 |   259 |       |       |       ||   753
         Broad axe         |       |       |       |   181 |   672 |  1247 |   883 ||  2983
  Throw: Javelin           |     5 |    46 |    71 |    97 |   210 |   170 |    51 ||   650
         Boomerang         |       |     1 |    23 |    17 |    75 |   156 |    85 ||   357
 Invoke: Heroism           |       |       |     9 |    20 |    23 |    34 |    16 ||   102
         Finesse           |       |       |       |     3 |     4 |    13 |     6 ||    26
  Evoke: Wand              |       |       |       |       |     2 |       |       ||     2
    Use: Scroll            |     2 |     8 |     7 |     8 |     4 |     4 |     2 ||    35
         Potion            |       |     1 |       |     1 |     4 |     4 |     3 ||    13
   Stab: Confused          |       |       |       |     2 |       |       |       ||     2
         Distracted        |       |       |       |       |     1 |       |       ||     1
 Armour: Scale mail        |    41 |    72 |   129 |       |       |       |       ||   242
         Plate armour      |       |       |     8 |   251 |   331 |   449 |    19 ||  1058
         Chain mail        |       |       |       |       |       |       |   308 ||   308
  Dodge: Dodged            |    49 |   114 |   181 |   222 |   340 |   599 |   421 ||  1926
  Block: Buckler           |    15 |    25 |    70 |    71 |       |       |       ||   181
         Kite shield       |       |       |       |    19 |   434 |   726 |   337 ||  1516
         Tower shield      |       |       |       |       |       |       |   277 ||   277

Table legend:
 A = Non-vault XP
 B = Vault XP
 C = Vault XP percentage of total XP
 D = Non-vault monster count
 E = Vault monster count
 F = Vault count percentage of total count
                 A         B        C        D         E       F
            +---------+---------+-------+---------+---------+-------
      Total |  332330 |  164289 |  33.1 |     947 |     415 |  30.5
            +---------+---------+-------+---------+---------+-------
        D:1 |      46 |       0 |   0.0 |      25 |       0 |   0.0
        D:2 |      98 |      82 |  45.6 |      19 |      14 |  42.4
        D:3 |     113 |      62 |  35.4 |      26 |       7 |  21.2
        D:4 |     364 |       0 |   0.0 |      19 |       0 |   0.0
        D:5 |     328 |     267 |  44.9 |      13 |       1 |   7.1
        D:6 |     793 |      11 |   1.4 |      33 |       1 |   2.9
        D:7 |    1592 |     277 |  14.8 |      25 |       1 |   3.8
        D:8 |    1898 |       0 |   0.0 |      29 |       0 |   0.0
        D:9 |    3537 |    1326 |  27.3 |      29 |       2 |   6.5
       D:10 |     604 |    1877 |  75.7 |       6 |       3 |  33.3
       D:11 |    1993 |    2983 |  59.9 |       7 |      10 |  58.8
       D:12 |    3317 |       0 |   0.0 |      12 |       0 |   0.0
       D:13 |    7278 |    6347 |  46.6 |      13 |      21 |  61.8
       D:14 |   11725 |   15740 |  57.3 |      22 |      58 |  72.5
       D:15 |   16271 |    1075 |   6.2 |      37 |       1 |   2.6
     Lair:1 |    3733 |    2279 |  37.9 |      17 |      16 |  48.5
     Lair:2 |    2915 |    1665 |  36.4 |      11 |       3 |  21.4
     Lair:3 |    6018 |     494 |   7.6 |      26 |       3 |  10.3
     Lair:4 |    5278 |       0 |   0.0 |      20 |       0 |   0.0
     Lair:5 |   18486 |   10698 |  36.7 |      42 |      36 |  46.2
   Shoals:1 |   10231 |    3903 |  27.6 |      21 |       5 |  19.2
   Shoals:2 |   10689 |       0 |   0.0 |      21 |       0 |   0.0
   Shoals:3 |   18129 |    6070 |  25.1 |      31 |       4 |  11.4
   Spider:1 |   25790 |       0 |   0.0 |      67 |       0 |   0.0
   Spider:2 |   14391 |    1499 |   9.4 |      35 |       1 |   2.8
   Spider:3 |   14098 |       0 |   0.0 |      38 |       0 |   0.0
   Spider:4 |   27886 |   15086 |  35.1 |      61 |      33 |  35.1
      Orc:1 |    2541 |    1051 |  29.3 |      23 |       3 |  11.5
      Orc:2 |    2227 |    7037 |  76.0 |      41 |      74 |  64.3
   Vaults:1 |   33566 |   45611 |  57.6 |      46 |      56 |  54.9
   Vaults:2 |   44303 |   10340 |  18.9 |      65 |      12 |  15.6
   Vaults:3 |   21647 |   19171 |  47.0 |      34 |      29 |  46.0
   Vaults:4 |   10810 |    5382 |  33.2 |      15 |       4 |  21.1
    Abyss:2 |    5184 |       0 |   0.0 |      11 |       0 |   0.0
    Abyss:3 |    4451 |       0 |   0.0 |       7 |       0 |   0.0
   Gauntlet |       0 |    3956 | 100.0 |       0 |      17 | 100.0
            +---------+---------+-------+---------+---------+-------
